 Dungeon Crawl Stone Soup version 0.29.0-4-gdea44cf6ec (webtiles) character file.

Game seed: 12756181031732633458

262241 qw the Slayer (level 19, -4/177 (189) HPs)
             Began as a Minotaur Fighter on Sept 8, 2022.
             Was the Champion of Ru.
             Slain by a tengu reaver
             ... wielding a +0 broad axe
              (9 damage)
             ... on level 3 of the Vaults.
             The game lasted 00:19:44 (48344 turns).

qw the Slayer (Minotaur Fighter)                   Turns: 48344, Time: 00:19:45

HP:   -4/177 (189)  AC: 38    Str: 29    XL:     19   Next: 60%
MP:   12/16         EV:  8    Int:  5    God:    Ru [******]
Gold: 315           SH: 19    Dex:  5    Spells: 18/18 levels left

rFire   + . .      SeeInvis +   Y - +6 broad axe (vamp)
rCold   . . .      Faith    .   n - +2 kite shield
rNeg    + . .      Spirit   .   y - +7 plate armour
rPois   +          Reflect  +   v - +2 hood of the Assassin {Detection Stab+ Stlth++}
rElec   .          Harm     .   h - +2 cloak
rCorr   .          Rampage  inf x - +2 pair of gloves
Will    +....                   q - +3 pair of seven-league boots {Rampage+∞}
Stlth   ..........              l - amulet of reflection
HPRegen 0.39/turn               f - ring "Tesic" {rF+ rN+ Dex-5 SInv}
MPRegen 0.15/turn               j - ring of poison resistance

@: exhausted, marked, corroded, slowed, drained, very slow
A: horns 2, inability to use devices, hated by all, inability to train dodging,
no air magic, no necromancy magic, no transmutations magic, unskilled 1,
retaliatory headbutt, claws 1, iridescent scales 1, low MP 1, sense surroundings
1
}: 1/15 runes: decaying
a: Renounce Religion, Draw Out Power, Power Leap, Apocalypse


You were on level 3 of the Vaults.
You worshipped Ru.
Ru was exalted by your worship.
You visited 7 branches of the dungeon, and saw 33 of its levels.

You collected 3143 gold pieces.
You spent 2828 gold pieces at shops.


Innate Abilities, Weirdness & Mutations

You have a pair of horns on your head.
You cannot study or use magical devices.
You are hated by all.
You cannot train Dodging skill.
You cannot study or cast Air magic.
You cannot study or cast Necromancy magic.
You cannot study or cast Transmutations magic.
You are somewhat unskilled. (-1 Apt)
You reflexively headbutt those who attack you in melee.
You have sharp fingernails.
You are partially covered in iridescent scales. (AC +2)
Your magical capacity is low. (-10% MP)
You passively map a small area around you.


   Skills:
 + Level 21.0 Fighting
 - Level 19.0 Axes
 - Level 8.7 Throwing
 - Level 20.0 Armour
 - Level 18.0 Shields


You had 18 spell levels left.
You didn't know any spells.
Your spell library was empty.

Inventory:

Hand Weapons
 Y - a +6 vampiric broad axe (weapon)
Armour
 h - a +2 cloak (worn)
 n - a +2 kite shield (worn)
 q - the +3 pair of seven-league boots (worn) {Rampage+∞}
   (You found it on level 4 of the Lair of Beasts)

   Its wearer moves as far as possible in that direction when moving towards
   enemies.
 t - a +1 plate armour of fire resistance
 v - the +2 hood of the Assassin (worn) {Detection Stab+ Stlth++}
   (You bought it in a shop on level 1 of the Vaults)

   It allows the wearer to sense nearby creatures.
   It allows the wearer to make particularly effective stabbing attacks against
   helpless or unaware enemies with any weapon.
   Stlth:     It makes you much more stealthy.
 x - a +2 pair of gloves (worn)
 y - a +7 plate armour (worn)
Jewellery
 f - the ring "Tesic" (left hand) {rF+ rN+ Dex-5 SInv}
   (You found it on level 6 of the Dungeon)

   [ring of protection from fire]

   Dex:       It affects your dexterity (-5).
   rF:        It protects you from fire.
   rN:        It protects you from negative energy.
   SInv:      It lets you see invisible.
 j - a ring of poison resistance (right hand)
 k - the amulet of Galox {Reflect -Tele +Inv rF++ rCorr SH+5}
   (You found it on level 14 of the Dungeon)

   [amulet of reflection]

   It reflects blocked missile attacks.
   rF:        It greatly protects you from fire.
   +Inv:      It lets you turn invisible.
   -Tele:     It prevents most forms of teleportation.
   rCorr:     It protects you from acid and corrosion.
   SH:        It affects your SH (+5).
 l - an amulet of reflection (around neck)
 m - a +4 ring of protection
 r - a ring of fire
 s - a +4 ring of evasion
 u - a ring of protection from fire
Scrolls
 g - a scroll of brand weapon
 i - 26 scrolls of identify
Potions
 a - 5 potions of haste
 b - 3 potions of mutation
 c - a potion of cancellation
 d - 6 potions of might
 e - 13 potions of curing

Dungeon Overview and Level Annotations

Branches:
Dungeon (15/15)            Temple (1/1) D:5            Lair (5/5) D:9
  Swamp (4/4) Lair:2       Spider (3/4) Lair:2        Slime (0/5) Lair:5
    Orc (2/2) D:9             Elf (0/3) Orc:2        Vaults (3/5) D:14
  Crypt (0/3) Vaults:3     Depths (0/4) D:15

Altars:
Ashenzari
Cheibriados
Dithmenos
Gozag
Kikubaaqudgha
Makhleb
Nemelex Xobeh
Okawaru
Qazlal
Ru
Sif Muna
Uskayaw
Vehumet
Wu Jian
Xom
Zin
The Shining One
Lugonu

Shops:
D:9 *   Orc:2 [=*!   Vaults:1 [*[=*   Vaults:3 [

Portals:
Abyss: Lair:5
Pandemonium: Orc:2
Trove: D:10 (give 6 scrolls of butterflies)

Annotations:
D:10 4 runed translucent doors
D:12 2 transporters, Bananafolds's ghost, journeyman DrAE
Lair:4 1 runed translucent door, qw's ghost, journeyman TrCA
Lair:5 1 runed translucent door
Vaults:1 3 runed translucent doors, qw's ghost, adept MiBe


Message History

The tengu reaver is almost dead.
You slash the freezing wraith! You slash the ironbound convoker!
You feel better.
You slash the vault warden!
You feel better.
You slash the ironbound convoker!
You feel better.
The freezing wraith hits you but does no damage.
The freezing wraith hits you. The freezing wraith drains your vigour!
You feel yourself slow down.
You block the ironbound convoker's attack.
The vault warden hits you with a +0 long sword of electrocution.
You are electrocuted!!
The ironbound convoker hits you but does no damage.
You slice the ironbound convoker!!
You kill the ironbound convoker!
You hit the vault warden but do no damage.
You closely miss the tengu reaver. You closely miss the freezing wraith.
You slash the ironbound convoker!
The tengu reaver hits you with a +0 broad axe.
The tengu reaver pecks you but does no damage.
You block the tengu reaver's attack.
The vault warden hits you with a +0 long sword of electrocution.
You redirect the ironbound convoker's attack!
The ironbound convoker hits you with a +0 dire flail!!
The ironbound thunderhulk begins to attack, but is stunned by your conviction!
You block the freezing wraith's attack. The freezing wraith barely misses you.
Your Armour skill increases to level 20!
You closely miss the tengu reaver. Your headbutt misses the tengu reaver.
The tengu reaver is almost dead.
You hit the ironbound convoker but do no damage.
You hit the vault warden but do no damage.
You slash the freezing wraith!
You destroy the freezing wraith!
The tengu reaver hits you with a +0 broad axe.
You block the tengu reaver's attack. The tengu reaver barely misses you.
The vault warden hits you but does no damage.
The ironbound thunderhulk begins to attack, but is stunned by your conviction!
The ironbound convoker gestures at the tengu reaver while chanting.
The tengu reaver seems to grow stronger.
The tengu reaver hits you but does no damage.
You block the tengu reaver's attack. The tengu reaver claws you!
You die...

, * ...#..).#..
*#.)(.[... * *
#!##.#..#.## ,, *
.'...)..' , , , #.)%[# ,
*, * , #.)..# ##).## * ,
########Q###############
.......@)...O...........
,
......p)p...............
..^.........¤...........
...............)........
#######....############.
#....# #. #....# #.
#....# #. #....# #.


You could see a vault warden, an ironbound thunderhulk, a tengu reaver (strong)
and an ironbound convoker.

Vanquished Creatures
  A tentacled monstrosity (Swamp:2)
  Zenata (Vaults:1)
  2 tengu reavers
  4 fenstrider witches
  2 thorn hunters
  A frost giant (Vaults:3)
  An emperor scorpion (Spider:3)
  8 vault wardens
  15 ironbound preservers
  A ghoul (Swamp:2)
  A ghost moth (Spider:1)
  A war gargoyle (Vaults:2)
  3 very ugly things
  A deep elf demonologist (Vaults:1)
  11 eleionomae
  4 dire elephants (Vaults:3)
  5 ironbound thunderhulks
  4 spark wasps
  6 entropy weavers
  7 bunyips
  2 ettins
  4 shambling mangroves
  4 yaktaur captains
  A deep elf high priest (D:14)
  6 vault guards
  12 boulder beetles
  A peacekeeper (Vaults:2)
  2 ogre magi
  4 ice dragons (Swamp:4)
  10 hydras
  A catoblepas (Lair:5)
  12 two-headed ogres
  18 centaur warriors
  3 ghost crabs
  A jorogumo (Spider:2)
  8 ironbound frosthearts
  2 demonspawn (Orc:2)
  8 alligators
  A vampire mage (Vaults:3)
  6 tengu warriors
  8 death yaks
  2 deep troll earth magi (Vaults:2)
  2 thrashing horrors (Lair:5)
  8 orc high priests
  2 shadow wraiths (Vaults:1)
  3 pharaoh ants (Spider:1)
  9 skeletal warriors
  6 goliath frogs
  2 glowing orange brains
  3 swamp dragons
  42 deep trolls
  2 spriggan druids
  A deep troll (shapeshifter) (Vaults:3)
  A phantasmal warrior (Vaults:3)
  4 wizards
  9 orb spiders
  2 necromancers
  7 steelbarb worms
  A harpy (D:14)
  4 bog bodies
  9 orc knights
  9 ironbound convokers
  2 deep elf pyromancers (D:14)
  10 lindwurms
  13 wolf spiders
  2 deep elf zephyrmancers (D:14)
  An oklob plant (Lair:3)
  20 ugly things
  2 moths of wrath
  4 will-o-the-wisps
  6 orc sorcerers
  3 manticores
  A frost giant skeleton (Vaults:3)
  5 cyclopes
  Maurice (D:9)
  12 elephants
  A guardian serpent (Lair:4)
  A smoke demon (Lair:5)
  2 torpor snails
  An elf zombie (Vaults:3)
  An orange demon (Orc:2)
  10 vault sentinels
  Psyche (D:9)
  5 demonic crawlers
  11 cane toads
  5 unseen horrors
  19 yaktaurs
  6 freezing wraiths
  5 komodo dragons
  9 tengu conjurers
  2 ancient zymes (Lair:5)
  2 ice devils (Orc:2)
  8 kobold demonologists
  2 efreet (D:14)
  3 meliai (D:14)
  10 trolls
  10 tyrant leeches
  18 hornets
  2 polar bears (Lair:3)
  4 raiju (D:14)
  22 tarantellas
  9 slime creatures
  10 dream sheep
  25 blink frogs
  Sigmund (D:4)
  6 culicivoras
  A wraith (D:14)
  34 jumping spiders
  A shadow (D:11)
  A vampire (D:8)
  4 ynoxinuls
  11 spriggans
  4 wyverns
  17 yaks
  A human (shapeshifter) (D:13)
  Grum (D:9)
  7 basilisks
  8 swamp worm simulacra (Swamp:4)
  A chaos spawn (Lair:5)
  30 redbacks
  2 steam dragons (D:9)
  12 swamp worms
  8 small abominations (Lair:5)
  9 wargs
  11 vampire mosquitoes
  13 hydra simulacra (Swamp:4)
  2 human skeletons (Vaults:3)
  3 acid dragons
  9 water moccasins
  5 hell hounds (D:14)
  An ice beast (D:7)
  2 swamp drakes
  A black bear (shapeshifter) (Lair:5)
  27 orc warriors
  2 ogres (shapeshifter) (D:15)
  4 black bears
  4 boggarts (Vaults:2)
  9 wolves
  7 ogres
  11 centaurs
  A human zombie (Vaults:3)
  6 kobold brigands
  6 bullfrogs
  3 gnoll sergeants
  2 scorpions
  4 wights (D:8)
  10 howler monkeys
  5 electric eels
  2 hounds
  3 jellies
  Crazy Yiuf (D:2)
  25 orc priests
  5 hell rats (Lair:3)
  5 iguanas
  19 orc wizards
  10 gnolls
  6 adders
  A shadow imp (D:7)
  14 white imps
  A worm (D:5)
  2 dart slugs (D:4)
  58 orcs
  9 ball pythons
  2 bats
  4 endoplasms
  6 giant cockroaches
  7 goblins
  8 hobgoblins
  7 jackals
  25 kobolds
  3 quokkas
  2 frilled lizards
  5 rats
  2 butterflies (Lair:2)
  10 pillars of salt (Vaults:2)
1156 creatures vanquished.

Vanquished Creatures (others)
  An ironbound preserver (Vaults:1)
  A death knight (D:15)
  An alligator (Swamp:4)
  A centaur warrior (D:10)
  An orc knight (Orc:2)
  An ironbound convoker (Vaults:3)
  A wizard (Vaults:3)
  A harpy (Vaults:1)
  An orc sorcerer (D:15)
  A will-o-the-wisp (Swamp:1)
  2 bloated husks
  A blink frog (Lair:1)
  A yak (Lair:4)
  2 spriggans (Swamp:2)
  A redback (Spider:1)
  A wolf (Lair:5)
  39 foxfires
  12 fungi
  18 plants
87 creatures vanquished.

Grand Total: 1243 creatures vanquished

Notes
Turn   | Place    | Note
-------+----------+-------------------------------------------
     0 | D:1      | qw the Minotaur Fighter began the quest for the Orb.
     0 | D:1      | Reached XP level 1. HP: 19/19 MP: 0/0
     0 | D:1      | 0 ||| qw: Version: 0.1-a-112-g44dc6cd
     0 | D:1      | 0 ||| qw: Game counter: 6695
     0 | D:1      | 0 ||| qw: Always use a shield: true
     0 | D:1      | 0 ||| qw: God list: Ru
     0 | D:1      | 0 ||| qw: Allow faded altars: false
     0 | D:1      | 0 ||| qw: Do Orc after D:15 true
     0 | D:1      | 0 ||| qw: Do second Lair branch before Depths: true
     0 | D:1      | 0 ||| qw: Lair rune preference: random
     0 | D:1      | 0 ||| qw: Plans: Normal
     0 | D:1      | 0 ||| PLANNING D:1-11
    77 | D:1      | Reached skill level 3 in Axes
   157 | D:1      | 157 ||| Stepping ~*~*~tactically~*~*~ (stealth).
   162 | D:1      | Reached XP level 2. HP: 26/26 MP: 1/1
   297 | D:1      | 297 ||| Stepping ~*~*~tactically~*~*~ (stealth).
   618 | D:1      | 618 ||| UPGRADING to +6 ring of strength.
   619 | D:1      | 619 ||| UPGRADING to +4 ring of protection.
   620 | D:1      | 620 ||| READING 2 scrolls labelled FUUSKA LAIPN.
   621 | D:1      | 621 ||| DROPPING scroll of magic mapping.
   812 | D:2      | 812 ||| Stepping ~*~*~tactically~*~*~ (hiding).
   932 | D:2      | Noticed a howler monkey
   942 | D:2      | Killed a howler monkey
   943 | D:2      | Reached XP level 3. HP: 31/31 MP: 2/2
   960 | D:2      | Reached XP level 4. HP: 39/39 MP: 3/3
   965 | D:2      | 965 ||| Stepping ~*~*~tactically~*~*~ (stealth).
   967 | D:2      | 967 ||| Stepping ~*~*~tactically~*~*~ (stealth).
  1054 | D:2      | 1054 ||| Stepping ~*~*~tactically~*~*~ (stealth).
  1068 | D:2      | 1068 ||| Stepping ~*~*~tactically~*~*~ (stealth).
  1142 | D:2      | Reached skill level 1 in Dodging
  1322 | D:2      | Found a runed translucent door.
  1323 | D:2      | Noticed Crazy Yiuf
  1581 | D:2      | 1581 ||| UPGRADING to +4 ring of evasion.
  1583 | D:2      | 1583 ||| DROPPING +6 ring of strength.
  1584 | D:2      | 1584 ||| READING scroll labelled LOULUC EPULY.
  1585 | D:2      | 1585 ||| READING scroll labelled CAULLI AHIGE.
  1586 | D:2      | 1586 ||| READING scroll labelled JOAHONLIKK.
  1587 | D:2      | 1587 ||| READING 2 scrolls labelled QOIWKA BOWKOEB.
  1588 | D:2      | 1588 ||| READING 2 scrolls labelled ENKIOTR BIFEA.
  1589 | D:2      | 1589 ||| DRINKING 2 clear potions.
  1590 | D:2      | 1590 ||| DRINKING 2 metallic brown potions.
  1591 | D:2      | 1591 ||| DROPPING potion of brilliance.
  1592 | D:2      | 1592 ||| DROPPING scroll of poison.
  1593 | D:2      | 1593 ||| DROPPING scroll of amnesia.
  1594 | D:2      | 1594 ||| Stepping randomly (stuck).
  1596 | D:2      | Killed Crazy Yiuf
  1600 | D:2      | 1600 ||| UPGRADING to +0 cloak.
  1786 | D:3      | Found a shimmering altar of Xom.
  1786 | D:3      | Found a shadowy altar of Dithmenos.
  1986 | D:3      | Found an opulent altar of Gozag.
  2313 | D:3      | 2313 ||| DROPPING ring of magical power.
  2314 | D:3      | 2314 ||| READING scroll labelled SANINEINIVO.
  2402 | D:4      | Reached XP level 5. HP: 45/45 MP: 4/4
  2519 | D:4      | Reached skill level 6 in Axes
  2522 | D:4      | 2522 ||| FLEEEEING.
  2538 | D:4      | 2538 ||| FLEEEEING.
  2539 | D:4      | 2539 ||| FLEEEEING.
  2540 | D:4      | 2540 ||| FLEEEEING.
  2541 | D:4      | 2541 ||| FLEEEEING.
  2542 | D:4      | 2542 ||| FLEEEEING.
  2543 | D:4      | 2543 ||| FLEEEEING.
  2544 | D:4      | 2544 ||| FLEEEEING.
  2545 | D:4      | 2545 ||| FLEEEEING.
  2549 | D:4      | 2549 ||| FLEEEEING.
  2550 | D:4      | 2550 ||| FLEEEEING.
  2551 | D:4      | 2551 ||| FLEEEEING.
  2552 | D:4      | 2552 ||| FLEEEEING.
  2553 | D:4      | 2553 ||| FLEEEEING.
  2554 | D:4      | 2554 ||| FLEEEEING.
  2555 | D:4      | 2555 ||| FLEEEEING.
  2556 | D:4      | 2556 ||| FLEEEEING.
  2557 | D:4      | 2557 ||| FLEEEEING.
  2558 | D:4      | 2558 ||| FLEEEEING.
  2559 | D:4      | 2559 ||| FLEEEEING.
  2560 | D:4      | 2560 ||| FLEEEEING.
  2564 | D:4      | 2564 ||| FLEEEEING.
  2565 | D:4      | 2565 ||| FLEEEEING.
  2566 | D:4      | 2566 ||| FLEEEEING.
  2567 | D:4      | 2567 ||| FLEEEEING.
  2568 | D:4      | 2568 ||| FLEEEEING.
  2569 | D:4      | 2569 ||| FLEEEEING.
  2570 | D:4      | 2570 ||| FLEEEEING.
  2571 | D:4      | 2571 ||| FLEEEEING.
  2572 | D:4      | 2572 ||| FLEEEEING.
  2573 | D:4      | 2573 ||| FLEEEEING.
  2574 | D:4      | 2574 ||| FLEEEEING.
  2575 | D:4      | 2575 ||| FLEEEEING.
  2576 | D:4      | 2576 ||| FLEEEEING.
  2577 | D:4      | 2577 ||| FLEEEEING.
  2578 | D:4      | 2578 ||| FLEEEEING.
  2579 | D:4      | 2579 ||| FLEEEEING.
  2580 | D:4      | 2580 ||| FLEEEEING.
  2581 | D:4      | 2581 ||| FLEEEEING.
  2582 | D:4      | 2582 ||| FLEEEEING.
  2583 | D:4      | 2583 ||| FLEEEEING.
  2584 | D:4      | 2584 ||| FLEEEEING.
  2585 | D:4      | 2585 ||| FLEEEEING.
  2586 | D:4      | 2586 ||| FLEEEEING.
  2587 | D:4      | 2587 ||| FLEEEEING.
  2588 | D:4      | 2588 ||| FLEEEEING.
  2589 | D:4      | 2589 ||| FLEEEEING.
  2801 | D:4      | 2801 ||| Stepping ~*~*~tactically~*~*~ (hiding).
  2802 | D:4      | 2802 ||| Stepping ~*~*~tactically~*~*~ (hiding).
  2805 | D:4      | 2805 ||| Stepping ~*~*~tactically~*~*~ (hiding).
  2815 | D:4      | 2815 ||| Stepping ~*~*~tactically~*~*~ (hiding).
  2816 | D:4      | 2816 ||| Stepping ~*~*~tactically~*~*~ (hiding).
  2841 | D:4      | 2841 ||| FLEEEEING.
  2947 | D:4      | Noticed Sigmund
  2948 | D:4      | 2948 ||| Stepping ~*~*~tactically~*~*~ (hiding).
  2949 | D:4      | 2949 ||| Stepping ~*~*~tactically~*~*~ (hiding).
  2961 | D:4      | Killed Sigmund
  2962 | D:4      | Reached XP level 6. HP: 26/51 MP: 1/5
  3083 | D:4      | 3083 ||| Stepping ~*~*~tactically~*~*~ (stealth).
  3198 | D:4      | Reached skill level 4 in Fighting
  3482 | D:4      | 3482 ||| Stepping ~*~*~tactically~*~*~ (hiding).
  3602 | D:4      | 3602 ||| Stepping ~*~*~tactically~*~*~ (hiding).
  3815 | D:4      | 3815 ||| READING 2 scrolls labelled XORYAD UDUTHRETH.
  3816 | D:4      | 3816 ||| DRINKING 2 glowing dark potions.
  3816 | D:4      | Gained mutation: You have sharp fingernails. [potion of
                  | mutation]
  3816 | D:4      | Gained mutation: You are occasionally teleported next to
                  | monsters. [potion of mutation]
  3816 | D:4      | Gained mutation: You sometimes lose your temper in combat.
                  | [potion of mutation]
  3816 | D:4      | Gained mutation: Your flesh is heat resistant. (rF+)
                  | [potion of mutation]
  3817 | D:4      | 3817 ||| DRINKING potion of mutation.
  3817 | D:4      | Lost mutation: Your flesh is heat resistant. (rF+) [potion
                  | of mutation]
  3817 | D:4      | Lost mutation: You are occasionally teleported next to
                  | monsters. [potion of mutation]
  3817 | D:4      | Lost mutation: You sometimes lose your temper in combat.
                  | [potion of mutation]
  3817 | D:4      | Gained mutation: Your magical capacity is low. (-10% MP)
                  | [potion of mutation]
  3817 | D:4      | Gained mutation: You passively map a small area around you.
                  | [potion of mutation]
  3817 | D:4      | Gained mutation: You are partially covered in iridescent
                  | scales. (AC +2) [potion of mutation]
  3818 | D:4      | 3818 ||| READING 3 scrolls of identify.
  3818 | D:4      | 3818 ||| IDENTIFYING fizzy black potion
  3819 | D:4      | 3819 ||| READING 2 scrolls of identify.
  3819 | D:4      | 3819 ||| IDENTIFYING inky potion
  3820 | D:4      | 3820 ||| DROPPING scroll of fear.
  3821 | D:4      | 3821 ||| DROPPING potion of ambrosia.
  3822 | D:4      | 3822 ||| DROPPING potion of invisibility.
  3847 | D:5      | Entered Level 5 of the Dungeon
  3848 | D:5      | 3848 ||| PLANNING SEWER
  3856 | D:5      | Reached XP level 7. HP: 55/59 MP: 5/5
  4011 | D:5      | 4011 ||| Stepping ~*~*~tactically~*~*~ (hiding).
  4021 | D:5      | 4021 ||| Stepping ~*~*~tactically~*~*~ (stealth).
  4039 | D:5      | 4039 ||| Stepping ~*~*~tactically~*~*~ (stealth).
  4140 | D:5      | 4140 ||| Stepping ~*~*~tactically~*~*~ (hiding).
  4141 | D:5      | 4141 ||| Stepping ~*~*~tactically~*~*~ (hiding).
  4151 | D:5      | Reached skill level 9 in Axes
  4490 | D:5      | Found a sand-covered staircase.
  4507 | D:5      | Found a staircase to the Ecumenical Temple.
  4508 | D:5      | 4508 ||| PLANNING TEMPLE
  4508 | D:5      | 4508 ||| UPGRADING to +0 chain mail.
  4518 | D:5      | 4518 ||| DROPPING +0 scale mail.
  4519 | D:5      | 4519 ||| UPGRADING to +0 pair of gloves.
  4524 | D:5      | 4524 ||| UPGRADING to ring of poison resistance.
  4526 | D:5      | 4526 ||| READING scroll labelled HUR UHYEFOEF.
  4527 | D:5      | 4527 ||| DRINKING 2 glowing coppery potions.
  4528 | D:5      | 4528 ||| READING 2 scrolls of identify.
  4528 | D:5      | 4528 ||| IDENTIFYING emerald potion
  4529 | D:5      | 4529 ||| DROPPING potion of flight.
  4530 | D:5      | 4530 ||| DROPPING potion of degeneration.
  4539 | Temple   | Entered the Ecumenical Temple
  4546 | Temple   | Became a worshipper of Ru the Awakened
  4552 | Temple   | 4552 ||| PLANNING SEWER
  4602 | D:5      | Found a glowing drain.
  4603 | D:5      | 4603 ||| READING 2 scrolls of identify.
  4603 | D:5      | 4603 ||| IDENTIFYING pink potion
  4604 | D:5      | 4604 ||| DROPPING potion of attraction.
  4722 | D:5      | 4722 ||| RIP SEWER
  4722 | D:5      | 4722 ||| RIP OSSUARY
  4722 | D:5      | 4722 ||| PLANNING D:1-11
  4850 | D:5      | 4850 ||| DRINKING 2 puce potions.
  4881 | D:5      | 4881 ||| READING 2 scrolls of identify.
  4881 | D:5      | 4881 ||| IDENTIFYING murky ruby potion
  4882 | D:5      | 4882 ||| DROPPING potion of berserk rage.
  4883 | D:5      | 4883 ||| DROPPING potion of lignification.
  4903 | D:6      | 4903 ||| STAIRDANCE
  4907 | D:5      | Reached skill level 5 in Fighting
  4929 | D:6      | 4929 ||| STAIRDANCE
  4936 | D:6      | 4936 ||| Stepping ~*~*~tactically~*~*~ (hiding).
  4937 | D:6      | 4937 ||| Stepping ~*~*~tactically~*~*~ (hiding).
  4952 | D:6      | 4952 ||| DROPPING +0 whip.
  5080 | D:6      | Found a hazy altar of Hepliaklqana.
  5221 | D:6      | Reached XP level 8. HP: 66/68 MP: 6/6
  5235 | D:6      | Identified the ring "Tesic" {rF+ rN+ Dex-5 SInv}
  5368 | D:6      | Found an ornate altar of the Wu Jian Council.
  5601 | D:6      | 5601 ||| UPGRADING to +0 plate armour.
  5611 | D:6      | 5611 ||| DROPPING +0 chain mail.
  5612 | D:6      | 5612 ||| DROPPING ring of wizardry.
  5613 | D:6      | 5613 ||| READING scroll labelled BULLEE DAVOU.
  5614 | D:6      | 5614 ||| READING scroll labelled HITHI DINATH.
  5715 | D:6      | 5715 ||| DRINKING 3 golden potions.
  5716 | D:6      | 5716 ||| READING 2 scrolls of identify.
  5716 | D:6      | 5716 ||| IDENTIFYING silvery potion
  5903 | D:7      | 5903 ||| Stepping ~*~*~tactically~*~*~ (stealth).
  5904 | D:7      | 5904 ||| Stepping ~*~*~tactically~*~*~ (stealth).
  5965 | D:7      | Reached skill level 6 in Fighting
  6061 | D:7      | 6061 ||| Stepping ~*~*~tactically~*~*~ (stealth).
  6075 | D:7      | 6075 ||| INVOKING Sacrifice Nimbleness.
  6075 | D:7      | Gained mutation: You cannot train Dodging skill. [Ru
                  | sacrifice]
  6075 | D:7      | Reached * piety under Ru
  6126 | D:7      | Found a snail-covered altar of Cheibriados.
  6139 | D:7      | Found a burning altar of Makhleb.
  6254 | D:7      | 6254 ||| Stepping ~*~*~tactically~*~*~ (hiding).
  6334 | D:7      | 6334 ||| Stepping ~*~*~tactically~*~*~ (stealth).
  6336 | D:7      | 6336 ||| Stepping ~*~*~tactically~*~*~ (stealth).
  6340 | D:7      | 6340 ||| Stepping ~*~*~tactically~*~*~ (stealth).
  6357 | D:7      | 6357 ||| Stepping ~*~*~tactically~*~*~ (hiding).
  6918 | D:7      | 6918 ||| DROPPING ring of protection from cold.
  6919 | D:7      | 6919 ||| READING 3 scrolls of identify.
  6919 | D:7      | 6919 ||| IDENTIFYING black potion
  7006 | D:8      | 7006 ||| READING scroll of brand weapon.
  7006 | D:8      | 7006 ||| BRANDING +1 war axe of protection.
  7013 | D:8      | Noticed a troll
  7013 | D:8      | Noticed a slime creature
  7014 | D:8      | Noticed a slime creature
  7021 | D:8      | Killed a slime creature
  7022 | D:8      | Reached skill level 12 in Axes
  7022 | D:8      | Reached XP level 9. HP: 40/75 MP: 7/7
  7023 | D:8      | Killed a troll
  7024 | D:8      | Reached skill level 6 in Armour
  7029 | D:8      | Reached skill level 7 in Fighting
  7029 | D:8      | Noticed a cyclops
  7030 | D:8      | 7030 ||| FLEEEEING.
  7031 | D:8      | 7031 ||| FLEEEEING.
  7032 | D:8      | 7032 ||| FLEEEEING.
  7041 | D:8      | 7041 ||| STAIRDANCE
  7199 | D:8      | Killed a cyclops
  7227 | D:8      | Noticed a kobold demonologist
  7236 | D:8      | Killed a kobold demonologist
  7237 | D:8      | Reached skill level 3 in Throwing
  7297 | D:8      | 7297 ||| Stepping ~*~*~tactically~*~*~ (hiding).
  7303 | D:8      | Noticed a skeletal warrior
  7322 | D:8      | Killed a skeletal warrior
  7330 | D:8      | HP: 19/79 [gnoll sergeant/+0 spear of flaming (5)]
  7331 | D:8      | 7331 ||| READING 2 scrolls of teleportation.
  7332 | D:8      | 7332 ||| DRINKING potion of heal wounds.
  7436 | D:8      | 7436 ||| Invisible monster not found???
  7557 | D:8      | 7557 ||| READING scroll of teleportation.
  7560 | D:8      | 7560 ||| FLEEEEING.
  7624 | D:8      | Noticed a cyclops
  7634 | D:8      | Killed a cyclops
  7635 | D:8      | Reached skill level 8 in Fighting
  7635 | D:8      | Reached XP level 10. HP: 68/88 MP: 8/8
  7805 | D:8      | 7805 ||| Stepping ~*~*~tactically~*~*~ (stealth).
  7816 | D:8      | 7816 ||| DRINKING 3 potions of curing.
  7816 | D:8      | 7816 ||| (to cure confusion)
  7818 | D:8      | 7818 ||| DRINKING 2 potions of curing.
  7818 | D:8      | 7818 ||| (to cure confusion)
  8148 | D:8      | 8148 ||| DROPPING +0 flail.
  8307 | D:8      | 8307 ||| Stepping ~*~*~tactically~*~*~ (stealth).
  8408 | D:8      | 8408 ||| INVOKING Sacrifice Artifice.
  8408 | D:8      | Gained mutation: You cannot study or use magical devices.
                  | [Ru sacrifice]
  8408 | D:8      | Reached ** piety under Ru
  8408 | D:8      | Reached *** piety under Ru
  8771 | D:8      | 8771 ||| UPGRADING to +0 kite shield.
  8781 | D:8      | 8781 ||| DROPPING +0 buckler.
  8782 | D:8      | 8782 ||| DROPPING +4 ring of slaying {mikee}.
  8783 | D:8      | 8783 ||| READING scroll labelled YCRUFYANIA.
  8784 | D:8      | 8784 ||| READING 4 scrolls of identify.
  8784 | D:8      | 8784 ||| IDENTIFYING purple potion
  8803 | D:9      | Noticed Maurice
  8847 | D:9      | Killed Maurice
  8848 | D:9      | Reached skill level 6 in Shields
  9123 | D:9      | Noticed Grum
  9123 | D:9      | 9123 ||| Stepping ~*~*~tactically~*~*~ (stealth).
  9131 | D:9      | Killed Grum
  9254 | D:9      | 9254 ||| Stepping ~*~*~tactically~*~*~ (hiding).
  9255 | D:9      | 9255 ||| DRINKING 3 potions of cancellation.
  9261 | D:9      | 9261 ||| DRINKING 2 potions of cancellation.
  9264 | D:9      | Reached skill level 9 in Shields
  9455 | D:9      | Found a staircase to the Lair.
  9649 | D:9      | 9649 ||| DROPPING +0 flail of venom.
  9771 | D:9      | Found a staircase to the Orcish Mines.
  9999 | D:9      | You fall into a shaft and drop 3 floors!
 10000 | D:12     | Noticed a cyan ugly thing
 10013 | D:12     | Killed a cyan ugly thing
 10014 | D:12     | Reached XP level 11. HP: 59/94 MP: 8/8
 10174 | D:12     | 10174 ||| READING scroll of enchant weapon.
 10174 | D:12     | 10174 ||| ENCHANTING +1 war axe of electrocution.
 10204 | D:12     | Noticed a centaur warrior
 10213 | D:12     | Killed a centaur warrior
 10450 | D:10     | Entered Level 10 of the Dungeon
 10472 | D:10     | Found a portal to a secret trove of treasure.
 10477 | D:10     | Found a runed translucent door.
 10494 | D:10     | Found a runed translucent door.
 10515 | D:10     | Found a runed translucent door.
 10529 | D:10     | Found a runed translucent door.
 10550 | D:10     | Noticed a centaur warrior
 10551 | D:10     | 10551 ||| Stepping ~*~*~tactically~*~*~ (stealth).
 10553 | D:10     | 10553 ||| Stepping ~*~*~tactically~*~*~ (hiding).
 10563 | D:10     | Killed a centaur warrior
 10770 | D:10     | 10770 ||| READING scroll labelled QILOGE FENUESS.
 10777 | D:9      | Noticed Psyche
 10781 | D:9      | Killed Psyche
 10800 | D:9      | Found Upsiy's Neck Hole.
 10806 | D:9      | 10806 ||| BUYING +1 cloak (172 gold).
 10806 | D:9      | Bought a +1 cloak for 172 gold pieces
 10806 | D:9      | 10806 ||| BUYING amulet of reflection (450 gold).
 10806 | D:9      | Bought an amulet of reflection for 450 gold pieces
 10806 | D:9      | 10806 ||| SHOPLISTING scarf of resistance (480 gold, have
                  | 35).
 11180 | D:9      | 11180 ||| Stepping ~*~*~tactically~*~*~ (hiding).
 11190 | D:9      | Reached skill level 15 in Axes
 11209 | D:9      | 11209 ||| PLANNING LAIR
 11209 | D:9      | 11209 ||| UPGRADING to +1 cloak.
 11219 | D:9      | 11219 ||| DROPPING +0 cloak.
 11220 | D:9      | 11220 ||| UPGRADING to amulet of reflection.
 11373 | Lair:1   | Entered Level 1 of the Lair of Beasts
 11399 | Lair:1   | Reached skill level 9 in Fighting
 11528 | Lair:1   | 11528 ||| Stepping ~*~*~tactically~*~*~ (stealth).
 11529 | Lair:1   | 11529 ||| SWAPPING to +0 broad axe.
 11530 | Lair:1   | 11530 ||| DROPPING +2 war axe of electrocution.
 11531 | Lair:1   | 11531 ||| Stepping ~*~*~tactically~*~*~ (stealth).
 11542 | Lair:1   | 11542 ||| Stepping ~*~*~tactically~*~*~ (stealth).
 11596 | Lair:1   | Noticed an eight-headed hydra
 11599 | Lair:1   | 11599 ||| SWAPPING to +0 morningstar.
 11605 | Lair:1   | Killed an eight-headed hydra
 11606 | Lair:1   | 11606 ||| SWAPPING to +0 broad axe.
 12154 | Lair:1   | 12154 ||| Stepping ~*~*~tactically~*~*~ (hiding).
 12155 | Lair:1   | 12155 ||| Stepping ~*~*~tactically~*~*~ (hiding).
 12165 | Lair:1   | 12165 ||| DRINKING potion of cancellation.
 12504 | Lair:1   | 12504 ||| INVOKING Sacrifice Love.
 12504 | Lair:1   | Gained mutation: You are hated by all. [Ru sacrifice]
 12504 | Lair:1   | Reached **** piety under Ru
 12505 | Lair:1   | 12505 ||| DROPPING ring of resist corrosion.
 12506 | Lair:1   | 12506 ||| DROPPING ring of see invisible.
 12611 | Lair:2   | 12611 ||| Stepping ~*~*~tactically~*~*~ (stealth).
 12998 | Lair:2   | Found a hole to the Spider Nest.
 12998 | Lair:2   | Noticed an orb spider
 13001 | Lair:2   | 13001 ||| READING scroll labelled VUSMAUSUSO.
 13002 | Lair:2   | 13002 ||| READING 6 scrolls of teleportation.
 13003 | Lair:2   | 13003 ||| FLEEEEING.
 13004 | Lair:2   | 13004 ||| FLEEEEING.
 13005 | Lair:2   | 13005 ||| FLEEEEING.
 13029 | Lair:2   | 13029 ||| Stepping ~*~*~tactically~*~*~ (stealth).
 13219 | Lair:2   | 13219 ||| READING scroll of enchant armour.
 13219 | Lair:2   | 13219 ||| ENCHANTING +0 pair of gloves.
 13264 | Lair:2   | Found a staircase to the Swamp.
 13310 | Lair:2   | Reached skill level 10 in Fighting
 13310 | Lair:2   | Reached XP level 12. HP: 89/106 MP: 9/9
 13444 | Lair:2   | 13444 ||| UPGRADING to ring "Tesic" {rF+ rN+ Dex-5 SInv}.
 13446 | Lair:2   | 13446 ||| UPGRADING to ring of poison resistance.
 13448 | Lair:2   | 13448 ||| READING 5 scrolls of teleportation.
 13449 | Lair:2   | 13449 ||| FLEEEEING.
 13581 | Lair:2   | 13581 ||| READING 4 scrolls of teleportation.
 13582 | Lair:2   | 13582 ||| FLEEEEING.
 13583 | Lair:2   | 13583 ||| FLEEEEING.
 13708 | Lair:3   | Noticed a death yak
 13712 | Lair:3   | Noticed a death yak
 13715 | Lair:3   | 13715 ||| STAIRDANCE
 13725 | Lair:2   | Killed a death yak
 13726 | Lair:2   | Reached skill level 9 in Armour
 13740 | Lair:3   | 13740 ||| STAIRDANCE
 13751 | Lair:2   | Killed a death yak
 14202 | Lair:3   | 14202 ||| Stepping ~*~*~tactically~*~*~ (stealth).
 14258 | Lair:3   | 14258 ||| READING scroll of enchant weapon.
 14258 | Lair:3   | 14258 ||| ENCHANTING +0 broad axe.
 14319 | Lair:3   | 14319 ||| READING scroll of enchant armour.
 14319 | Lair:3   | 14319 ||| ENCHANTING +1 pair of gloves.
 14358 | Lair:3   | Noticed a death yak
 14367 | Lair:3   | Killed a death yak
 14368 | Lair:3   | Reached skill level 18 in Axes
 14390 | Lair:3   | 14390 ||| Stepping ~*~*~tactically~*~*~ (stealth).
 14562 | Lair:3   | 14562 ||| READING scroll of enchant weapon.
 14562 | Lair:3   | 14562 ||| ENCHANTING +1 broad axe.
 14628 | Lair:3   | 14628 ||| Stepping ~*~*~tactically~*~*~ (hiding).
 14660 | Lair:3   | HP: 25/107 [poisoned by a cane toad]
 14665 | Lair:3   | HP: 16/108 [poisoned by a cane toad]
 14670 | Lair:3   | HP: 12/108 [poisoned by a cane toad]
 14863 | Lair:3   | 14863 ||| Stepping ~*~*~tactically~*~*~ (stealth).
 14872 | Lair:3   | 14872 ||| Stepping ~*~*~tactically~*~*~ (stealth).
 14891 | Lair:3   | Reached skill level 11 in Fighting
 15148 | Lair:3   | 15148 ||| Stepping ~*~*~tactically~*~*~ (stealth).
 15252 | Lair:3   | 15252 ||| READING scroll of enchant weapon.
 15252 | Lair:3   | 15252 ||| ENCHANTING +2 broad axe.
 15431 | Lair:3   | 15431 ||| DROPPING ring of flight.
 15463 | Lair:4   | Found the +8 longbow "Zephyr" {speed, Dex+3 SInv}
 15473 | Lair:4   | 15473 ||| Stepping ~*~*~tactically~*~*~ (stealth).
 15476 | Lair:4   | 15476 ||| Stepping ~*~*~tactically~*~*~ (stealth).
 15477 | Lair:4   | 15477 ||| Stepping ~*~*~tactically~*~*~ (stealth).
 15495 | Lair:4   | 15495 ||| FLEEEEING.
 15501 | Lair:4   | 15501 ||| STAIRDANCE
 15569 | Lair:4   | 15569 ||| Stepping ~*~*~tactically~*~*~ (stealth).
 15597 | Lair:4   | Found a runed translucent door.
 15597 | Lair:4   | Noticed qw's ghost (journeyman TrCA)
 15730 | Lair:4   | Noticed a death yak
 15731 | Lair:4   | 15731 ||| Stepping ~*~*~tactically~*~*~ (stealth).
 15732 | Lair:4   | 15732 ||| Stepping ~*~*~tactically~*~*~ (stealth).
 15733 | Lair:4   | 15733 ||| Stepping ~*~*~tactically~*~*~ (stealth).
 15733 | Lair:4   | Noticed a death yak
 15734 | Lair:4   | 15734 ||| Stepping ~*~*~tactically~*~*~ (stealth).
 15747 | Lair:4   | Killed a death yak
 15752 | Lair:4   | 15752 ||| Stepping ~*~*~tactically~*~*~ (hiding).
 15760 | Lair:4   | 15760 ||| DRINKING potion of cancellation.
 15960 | Lair:4   | Noticed a death yak
 15960 | Lair:4   | Noticed a death yak
 15969 | Lair:4   | Killed a death yak
 15974 | Lair:4   | Killed a death yak
 15978 | Lair:4   | Killed a death yak
 16277 | Lair:4   | Noticed a boulder beetle
 16300 | Lair:4   | Killed a boulder beetle
 16301 | Lair:4   | Reached XP level 13. HP: 96/116 MP: 10/10
 16365 | Lair:4   | 16365 ||| Stepping ~*~*~tactically~*~*~ (stealth).
 16371 | Lair:4   | 16371 ||| Stepping ~*~*~tactically~*~*~ (stealth).
 16372 | Lair:4   | 16372 ||| Stepping ~*~*~tactically~*~*~ (stealth).
 16376 | Lair:4   | 16376 ||| Stepping ~*~*~tactically~*~*~ (water).
 16377 | Lair:4   | 16377 ||| Stepping ~*~*~tactically~*~*~ (stealth).
 16385 | Lair:4   | 16385 ||| FLEEEEING.
 16386 | Lair:4   | 16386 ||| FLEEEEING.
 16387 | Lair:4   | 16387 ||| FLEEEEING.
 16388 | Lair:4   | 16388 ||| FLEEEEING.
 16392 | Lair:4   | 16392 ||| Stepping ~*~*~tactically~*~*~ (water).
 16595 | Lair:4   | 16595 ||| INVOKING Reject Sacrifices.
 16611 | Lair:4   | Found the +3 pair of seven-league boots {Rampage+∞}
 16709 | Lair:4   | Reached skill level 12 in Shields
 16970 | Lair:4   | Reached skill level 12 in Fighting
 16970 | Lair:4   | 16970 ||| FLEEEEING.
 17527 | Lair:4   | 17527 ||| UPGRADING to +3 pair of seven-league boots
                  | {Rampage+∞}.
 17532 | Lair:4   | 17532 ||| READING scroll labelled KOYTAPNIHIN.
 17548 | Lair:5   | Entered Level 5 of the Lair of Beasts
 17549 | Lair:5   | 17549 ||| PLANNING GAUNTLET
 17615 | Lair:5   | Found a runed translucent door.
 17621 | Lair:5   | Found a staircase to the Slime Pits.
 17730 | Lair:5   | 17730 ||| Stepping ~*~*~tactically~*~*~ (hiding).
 17734 | Lair:5   | 17734 ||| Stepping ~*~*~tactically~*~*~ (stealth).
 17738 | Lair:5   | 17738 ||| Stepping ~*~*~tactically~*~*~ (cloud).
 17742 | Lair:5   | 17742 ||| Stepping ~*~*~tactically~*~*~ (cloud).
 17743 | Lair:5   | 17743 ||| Stepping ~*~*~tactically~*~*~ (cloud).
 17746 | Lair:5   | 17746 ||| Stepping ~*~*~tactically~*~*~ (cloud).
 17749 | Lair:5   | 17749 ||| Stepping ~*~*~tactically~*~*~ (cloud).
 17772 | Lair:5   | 17772 ||| FLEEEEING.
 17773 | Lair:5   | 17773 ||| FLEEEEING.
 17774 | Lair:5   | 17774 ||| FLEEEEING.
 17775 | Lair:5   | 17775 ||| FLEEEEING.
 17776 | Lair:5   | 17776 ||| FLEEEEING.
 17777 | Lair:5   | 17777 ||| FLEEEEING.
 17778 | Lair:5   | 17778 ||| FLEEEEING.
 17779 | Lair:5   | 17779 ||| FLEEEEING.
 17780 | Lair:5   | 17780 ||| FLEEEEING.
 17781 | Lair:5   | 17781 ||| FLEEEEING.
 17782 | Lair:5   | 17782 ||| FLEEEEING.
 17783 | Lair:5   | 17783 ||| FLEEEEING.
 17785 | Lair:5   | 17785 ||| FLEEEEING.
 17787 | Lair:5   | 17787 ||| FLEEEEING.
 17788 | Lair:5   | 17788 ||| FLEEEEING.
 17789 | Lair:5   | 17789 ||| FLEEEEING.
 17790 | Lair:5   | 17790 ||| FLEEEEING.
 17791 | Lair:5   | 17791 ||| FLEEEEING.
 17792 | Lair:5   | 17792 ||| STAIRDANCE
 17862 | Lair:5   | 17862 ||| STAIRDANCE
 18123 | Lair:5   | 18123 ||| RIP GAUNTLET
 18170 | Lair:5   | 18170 ||| PLANNING LAIR
 18183 | Lair:5   | 18183 ||| Stepping ~*~*~tactically~*~*~ (hiding).
 18343 | Lair:5   | 18343 ||| Stepping ~*~*~tactically~*~*~ (hiding).
 18366 | Lair:5   | 18366 ||| Stepping ~*~*~tactically~*~*~ (stealth).
 18387 | Lair:5   | 18387 ||| FLEEEEING.
 18388 | Lair:5   | 18388 ||| FLEEEEING.
 18389 | Lair:5   | 18389 ||| FLEEEEING.
 18390 | Lair:5   | 18390 ||| FLEEEEING.
 18391 | Lair:5   | 18391 ||| FLEEEEING.
 18392 | Lair:5   | 18392 ||| FLEEEEING.
 18393 | Lair:5   | 18393 ||| FLEEEEING.
 18394 | Lair:5   | 18394 ||| FLEEEEING.
 18395 | Lair:5   | 18395 ||| FLEEEEING.
 18396 | Lair:5   | 18396 ||| FLEEEEING.
 18397 | Lair:5   | 18397 ||| FLEEEEING.
 18398 | Lair:5   | 18398 ||| FLEEEEING.
 18399 | Lair:5   | 18399 ||| FLEEEEING.
 18400 | Lair:5   | 18400 ||| FLEEEEING.
 18401 | Lair:5   | 18401 ||| FLEEEEING.
 18402 | Lair:5   | 18402 ||| FLEEEEING.
 18403 | Lair:5   | 18403 ||| FLEEEEING.
 18404 | Lair:5   | 18404 ||| FLEEEEING.
 18405 | Lair:5   | 18405 ||| FLEEEEING.
 18406 | Lair:5   | 18406 ||| FLEEEEING.
 18407 | Lair:5   | 18407 ||| FLEEEEING.
 18408 | Lair:5   | 18408 ||| FLEEEEING.
 18409 | Lair:5   | 18409 ||| FLEEEEING.
 18410 | Lair:5   | 18410 ||| FLEEEEING.
 18411 | Lair:5   | 18411 ||| FLEEEEING.
 18412 | Lair:5   | 18412 ||| FLEEEEING.
 18413 | Lair:5   | 18413 ||| FLEEEEING.
 18414 | Lair:5   | 18414 ||| FLEEEEING.
 18415 | Lair:5   | 18415 ||| FLEEEEING.
 18416 | Lair:5   | 18416 ||| FLEEEEING.
 18417 | Lair:5   | 18417 ||| FLEEEEING.
 18418 | Lair:5   | 18418 ||| FLEEEEING.
 18419 | Lair:5   | 18419 ||| FLEEEEING.
 18420 | Lair:5   | 18420 ||| FLEEEEING.
 18421 | Lair:5   | 18421 ||| FLEEEEING.
 18422 | Lair:5   | 18422 ||| FLEEEEING.
 18423 | Lair:5   | 18423 ||| FLEEEEING.
 18424 | Lair:5   | 18424 ||| FLEEEEING.
 18425 | Lair:5   | 18425 ||| FLEEEEING.
 18426 | Lair:5   | 18426 ||| FLEEEEING.
 18427 | Lair:5   | 18427 ||| FLEEEEING.
 18428 | Lair:5   | 18428 ||| FLEEEEING.
 18429 | Lair:5   | 18429 ||| FLEEEEING.
 18430 | Lair:5   | 18430 ||| FLEEEEING.
 18431 | Lair:5   | 18431 ||| FLEEEEING.
 18432 | Lair:5   | 18432 ||| FLEEEEING.
 18433 | Lair:5   | 18433 ||| FLEEEEING.
 18434 | Lair:5   | 18434 ||| FLEEEEING.
 18435 | Lair:5   | 18435 ||| FLEEEEING.
 18436 | Lair:5   | 18436 ||| FLEEEEING.
 18437 | Lair:5   | 18437 ||| FLEEEEING.
 18438 | Lair:5   | 18438 ||| FLEEEEING.
 18439 | Lair:5   | 18439 ||| FLEEEEING.
 18440 | Lair:5   | 18440 ||| FLEEEEING.
 18441 | Lair:5   | 18441 ||| STAIRDANCE
 19072 | Lair:5   | 19072 ||| Stepping ~*~*~tactically~*~*~ (stealth).
 19156 | Lair:5   | Reached skill level 12 in Armour
 19395 | Lair:5   | 19395 ||| READING scroll of enchant weapon.
 19395 | Lair:5   | 19395 ||| ENCHANTING +3 broad axe.
 19398 | Lair:5   | 19398 ||| Stepping ~*~*~tactically~*~*~ (stealth).
 19438 | Lair:5   | 19438 ||| FLEEEEING.
 19439 | Lair:5   | 19439 ||| FLEEEEING.
 19444 | Lair:5   | 19444 ||| FLEEEEING.
 19445 | Lair:5   | 19445 ||| FLEEEEING.
 19447 | Lair:5   | 19447 ||| FLEEEEING.
 19448 | Lair:5   | 19448 ||| FLEEEEING.
 19449 | Lair:5   | 19449 ||| FLEEEEING.
 19450 | Lair:5   | 19450 ||| FLEEEEING.
 19451 | Lair:5   | 19451 ||| FLEEEEING.
 19452 | Lair:5   | 19452 ||| FLEEEEING.
 19453 | Lair:5   | 19453 ||| FLEEEEING.
 19454 | Lair:5   | 19454 ||| FLEEEEING.
 19455 | Lair:5   | 19455 ||| FLEEEEING.
 19456 | Lair:5   | 19456 ||| FLEEEEING.
 19457 | Lair:5   | 19457 ||| FLEEEEING.
 19458 | Lair:5   | 19458 ||| FLEEEEING.
 19461 | Lair:5   | 19461 ||| FLEEEEING.
 19462 | Lair:5   | 19462 ||| FLEEEEING.
 19463 | Lair:5   | 19463 ||| FLEEEEING.
 19464 | Lair:5   | 19464 ||| FLEEEEING.
 19465 | Lair:5   | 19465 ||| FLEEEEING.
 19470 | Lair:5   | 19470 ||| FLEEEEING.
 19471 | Lair:5   | 19471 ||| FLEEEEING.
 19472 | Lair:5   | 19472 ||| FLEEEEING.
 19473 | Lair:5   | 19473 ||| FLEEEEING.
 19479 | Lair:5   | 19479 ||| FLEEEEING.
 19481 | Lair:5   | 19481 ||| FLEEEEING.
 19482 | Lair:5   | 19482 ||| FLEEEEING.
 19483 | Lair:5   | 19483 ||| FLEEEEING.
 19484 | Lair:5   | 19484 ||| FLEEEEING.
 19485 | Lair:5   | 19485 ||| FLEEEEING.
 19486 | Lair:5   | 19486 ||| FLEEEEING.
 19487 | Lair:5   | 19487 ||| FLEEEEING.
 19493 | Lair:5   | 19493 ||| FLEEEEING.
 19494 | Lair:5   | 19494 ||| FLEEEEING.
 19495 | Lair:5   | 19495 ||| FLEEEEING.
 19496 | Lair:5   | 19496 ||| FLEEEEING.
 19497 | Lair:5   | 19497 ||| FLEEEEING.
 19500 | Lair:5   | 19500 ||| FLEEEEING.
 19501 | Lair:5   | 19501 ||| FLEEEEING.
 19502 | Lair:5   | 19502 ||| FLEEEEING.
 19503 | Lair:5   | 19503 ||| FLEEEEING.
 19504 | Lair:5   | 19504 ||| FLEEEEING.
 19505 | Lair:5   | 19505 ||| FLEEEEING.
 19506 | Lair:5   | 19506 ||| FLEEEEING.
 19507 | Lair:5   | 19507 ||| FLEEEEING.
 19508 | Lair:5   | 19508 ||| FLEEEEING.
 19509 | Lair:5   | 19509 ||| FLEEEEING.
 19510 | Lair:5   | 19510 ||| FLEEEEING.
 19511 | Lair:5   | 19511 ||| FLEEEEING.
 19512 | Lair:5   | 19512 ||| FLEEEEING.
 19513 | Lair:5   | 19513 ||| FLEEEEING.
 19514 | Lair:5   | 19514 ||| FLEEEEING.
 19519 | Lair:5   | 19519 ||| FLEEEEING.
 19520 | Lair:5   | 19520 ||| FLEEEEING.
 19521 | Lair:5   | 19521 ||| FLEEEEING.
 19522 | Lair:5   | 19522 ||| FLEEEEING.
 19523 | Lair:5   | 19523 ||| FLEEEEING.
 19524 | Lair:5   | 19524 ||| FLEEEEING.
 19525 | Lair:5   | 19525 ||| STAIRDANCE
 20107 | Lair:5   | Reached skill level 13 in Fighting
 20303 | Lair:5   | Found a corrupted altar of Lugonu.
 20303 | Lair:5   | Found a one-way gate to the infinite horrors of the Abyss.
 20433 | Lair:5   | 20433 ||| PLANNING D:1-11
 20756 | D:10     | Found an iron altar of Okawaru.
 20772 | D:10     | 20772 ||| READING scroll of brand weapon.
 20772 | D:10     | 20772 ||| BRANDING +4 broad axe.
 20773 | D:10     | 20773 ||| DROPPING +0 morningstar.
 21068 | D:10     | 21068 ||| READING scroll labelled WOCLOE WOLIKH.
 21121 | D:11     | 21121 ||| READING scroll of enchant weapon.
 21121 | D:11     | 21121 ||| ENCHANTING +4 broad axe of flaming.
 21212 | D:11     | 21212 ||| Stepping ~*~*~tactically~*~*~ (stealth).
 21221 | D:11     | 21221 ||| Stepping ~*~*~tactically~*~*~ (stealth).
 21225 | D:11     | 21225 ||| Stepping ~*~*~tactically~*~*~ (stealth).
 21239 | D:11     | 21239 ||| Stepping ~*~*~tactically~*~*~ (hiding).
 21257 | D:11     | 21257 ||| Stepping ~*~*~tactically~*~*~ (stealth).
 21294 | D:11     | 21294 ||| Stepping ~*~*~tactically~*~*~ (stealth).
 21641 | D:11     | 21641 ||| PLANNING D
 21641 | D:11     | 21641 ||| DROPPING +2 pair of gloves of infusion.
 21655 | D:12     | 21655 ||| STAIRDANCE
 21677 | D:12     | Noticed Bananafolds's ghost (journeyman DrAE)
 21679 | D:12     | Found a transporter.
 21680 | D:12     | Noticed a fire dragon
 21681 | D:12     | Noticed an ettin
 21823 | D:12     | Reached XP level 14. HP: 129/129 MP: 11/11
 21824 | D:12     | Found a transporter.
 21832 | D:12     | 21832 ||| Stepping ~*~*~tactically~*~*~ (stealth).
 21835 | D:12     | 21835 ||| Stepping ~*~*~tactically~*~*~ (hiding).
 21839 | D:12     | 21839 ||| Stepping ~*~*~tactically~*~*~ (hiding).
 21840 | D:12     | 21840 ||| Stepping ~*~*~tactically~*~*~ (hiding).
 22091 | D:13     | 22091 ||| Stepping ~*~*~tactically~*~*~ (hiding).
 22464 | D:13     | 22464 ||| Stepping ~*~*~tactically~*~*~ (hiding).
 22471 | D:13     | 22471 ||| Stepping ~*~*~tactically~*~*~ (hiding).
 22479 | D:13     | 22479 ||| Stepping ~*~*~tactically~*~*~ (hiding).
 22710 | D:13     | 22710 ||| Stepping ~*~*~tactically~*~*~ (stealth).
 22797 | D:13     | Reached skill level 6 in Throwing
 23006 | D:13     | Found a shimmering blue altar of Sif Muna.
 23007 | D:13     | 23007 ||| INVOKING Sacrifice Skill.
 23007 | D:13     | Gained mutation: You are somewhat unskilled. (-1 Apt) [Ru
                  | sacrifice]
 23007 | D:13     | Reduced skill Fighting to level 12
 23007 | D:13     | Reduced skill Armour to level 12
 23007 | D:13     | Reduced skill Shields to level 12
 23007 | D:13     | Reached ***** piety under Ru
 23077 | D:13     | 23077 ||| READING scroll of enchant armour.
 23077 | D:13     | 23077 ||| ENCHANTING +1 cloak.
 23424 | D:14     | Reached skill level 18 in Axes
 23577 | D:14     | 23577 ||| INVOKING Apocalypse.
 23628 | D:14     | 23628 ||| INVOKING Apocalypse.
 23651 | D:14     | 23651 ||| FLEEEEING.
 23652 | D:14     | 23652 ||| FLEEEEING.
 23653 | D:14     | 23653 ||| FLEEEEING.
 23685 | D:14     | 23685 ||| FLEEEEING.
 23686 | D:14     | 23686 ||| FLEEEEING.
 23687 | D:14     | 23687 ||| FLEEEEING.
 23688 | D:14     | 23688 ||| FLEEEEING.
 23688 | D:14     | HP: 25/112 [deep elf zephyrmancer/bolt of lightning (26)]
 23689 | D:14     | 23689 ||| READING 6 scrolls of teleportation.
 23690 | D:14     | 23690 ||| DRINKING 4 potions of heal wounds.
 23690 | D:14     | Identified the +5 longbow of Woinywel {vorpal, rN+ rCorr}
 23700 | D:14     | 23700 ||| Stepping ~*~*~tactically~*~*~ (stealth).
 24044 | D:14     | 24044 ||| Stepping ~*~*~tactically~*~*~ (hiding).
 24170 | D:14     | 24170 ||| Stepping ~*~*~tactically~*~*~ (hiding).
 24257 | D:14     | 24257 ||| INVOKING Apocalypse.
 24281 | D:14     | 24281 ||| FLEEEEING.
 24282 | D:14     | 24282 ||| FLEEEEING.
 24283 | D:14     | 24283 ||| FLEEEEING.
 24284 | D:14     | 24284 ||| FLEEEEING.
 24285 | D:14     | 24285 ||| FLEEEEING.
 24293 | D:14     | 24293 ||| READING 5 scrolls of teleportation.
 24294 | D:14     | HP: 29/117 [two-headed ogre/+0 giant club (1)]
 24295 | D:14     | 24295 ||| DRINKING 3 potions of heal wounds.
 24564 | D:14     | 24564 ||| Stepping ~*~*~tactically~*~*~ (stealth).
 24565 | D:14     | 24565 ||| Stepping ~*~*~tactically~*~*~ (stealth).
 24577 | D:14     | 24577 ||| READING 4 scrolls of teleportation.
 24580 | D:14     | 24580 ||| INVOKING Apocalypse.
 24586 | D:14     | 24586 ||| Stepping ~*~*~tactically~*~*~ (water).
 24588 | D:14     | HP: 27/112 [two-headed ogre/+0 giant club (7)]
 24589 | D:14     | 24589 ||| READING 3 scrolls of teleportation.
 24590 | D:14     | 24590 ||| DRINKING 2 potions of heal wounds.
 24736 | D:14     | 24736 ||| FLEEEEING.
 24737 | D:14     | 24737 ||| FLEEEEING.
 24746 | D:14     | 24746 ||| FLEEEEING.
 24747 | D:14     | 24747 ||| FLEEEEING.
 24748 | D:14     | 24748 ||| FLEEEEING.
 24749 | D:14     | 24749 ||| FLEEEEING.
 24752 | D:14     | 24752 ||| FLEEEEING.
 24753 | D:14     | 24753 ||| FLEEEEING.
 24754 | D:14     | 24754 ||| FLEEEEING.
 24755 | D:14     | 24755 ||| FLEEEEING.
 24756 | D:14     | 24756 ||| FLEEEEING.
 24757 | D:14     | 24757 ||| FLEEEEING.
 24758 | D:14     | 24758 ||| FLEEEEING.
 24759 | D:14     | 24759 ||| FLEEEEING.
 24760 | D:14     | 24760 ||| FLEEEEING.
 24761 | D:14     | 24761 ||| FLEEEEING.
 24762 | D:14     | 24762 ||| FLEEEEING.
 24763 | D:14     | 24763 ||| FLEEEEING.
 24769 | D:14     | 24769 ||| FLEEEEING.
 24770 | D:14     | 24770 ||| FLEEEEING.
 24771 | D:14     | 24771 ||| FLEEEEING.
 24772 | D:14     | 24772 ||| FLEEEEING.
 24773 | D:14     | 24773 ||| FLEEEEING.
 24778 | D:14     | 24778 ||| STAIRDANCE
 24819 | D:14     | 24819 ||| INVOKING Apocalypse.
 24820 | D:14     | 24820 ||| STAIRDANCE
 25074 | D:14     | Reached skill level 13 in Fighting
 25120 | D:14     | 25120 ||| INVOKING Apocalypse.
 25121 | D:14     | Reached skill level 6 in Throwing
 25134 | D:14     | 25134 ||| FLEEEEING.
 25135 | D:14     | 25135 ||| FLEEEEING.
 25152 | D:14     | 25152 ||| FLEEEEING.
 25153 | D:14     | 25153 ||| FLEEEEING.
 25599 | D:14     | 25599 ||| Stepping ~*~*~tactically~*~*~ (water).
 25610 | D:14     | 25610 ||| FLEEEEING.
 25624 | D:14     | 25624 ||| FLEEEEING.
 25625 | D:14     | 25625 ||| FLEEEEING.
 25626 | D:14     | 25626 ||| FLEEEEING.
 25766 | D:14     | Reached XP level 15. HP: 115/115 MP: 12/12
 25871 | D:14     | 25871 ||| Stepping ~*~*~tactically~*~*~ (stealth).
 26025 | D:14     | 26025 ||| Stepping ~*~*~tactically~*~*~ (hiding).
 26037 | D:14     | 26037 ||| Stepping ~*~*~tactically~*~*~ (stealth).
 26081 | D:14     | Found a gate to the Vaults.
 26251 | D:14     | 26251 ||| FLEEEEING.
 26254 | D:14     | 26254 ||| FLEEEEING.
 26255 | D:14     | 26255 ||| FLEEEEING.
 26256 | D:14     | 26256 ||| FLEEEEING.
 26257 | D:14     | 26257 ||| FLEEEEING.
 26282 | D:14     | 26282 ||| Stepping ~*~*~tactically~*~*~ (stealth).
 26308 | D:14     | 26308 ||| Stepping ~*~*~tactically~*~*~ (stealth).
 26333 | D:14     | 26333 ||| FLEEEEING.
 26334 | D:14     | 26334 ||| FLEEEEING.
 26336 | D:14     | 26336 ||| STAIRDANCE
 26421 | D:13     | 26421 ||| DROPPING +2 scale mail of fire resistance.
 26422 | D:13     | 26422 ||| UPGRADING to +0 plate armour of fire resistance.
 26432 | D:13     | 26432 ||| DROPPING +0 plate armour.
 26433 | D:13     | 26433 ||| UPGRADING to +3 plate armour.
 26453 | D:14     | 26453 ||| Stepping ~*~*~tactically~*~*~ (hiding).
 26578 | D:14     | Identified the amulet of Galox {Reflect -Tele +Inv rF++
                  | rCorr SH+5}
 26650 | D:14     | 26650 ||| UPGRADING to +2 kite shield.
 26660 | D:14     | 26660 ||| DROPPING +0 kite shield.
 26720 | D:15     | Entered Level 15 of the Dungeon
 26726 | D:15     | 26726 ||| Stepping ~*~*~tactically~*~*~ (hiding).
 26730 | D:15     | 26730 ||| INVOKING Apocalypse.
 26731 | D:15     | 26731 ||| FLEEEEING.
 26732 | D:15     | 26732 ||| FLEEEEING.
 26734 | D:15     | 26734 ||| FLEEEEING.
 26739 | D:15     | 26739 ||| STAIRDANCE
 26795 | D:15     | 26795 ||| Stepping ~*~*~tactically~*~*~ (hiding).
 26796 | D:15     | 26796 ||| Stepping ~*~*~tactically~*~*~ (hiding).
 26797 | D:15     | 26797 ||| Stepping ~*~*~tactically~*~*~ (hiding).
 26834 | D:15     | 26834 ||| Stepping ~*~*~tactically~*~*~ (stealth).
 26870 | D:15     | Found a staircase to the Depths.
 26894 | D:15     | 26894 ||| Stepping ~*~*~tactically~*~*~ (hiding).
 26913 | D:15     | 26913 ||| Stepping ~*~*~tactically~*~*~ (stealth).
 27073 | D:15     | 27073 ||| Stepping ~*~*~tactically~*~*~ (stealth).
 27107 | D:15     | 27107 ||| Stepping ~*~*~tactically~*~*~ (hiding).
 27108 | D:15     | 27108 ||| Stepping ~*~*~tactically~*~*~ (hiding).
 27114 | D:15     | 27114 ||| Stepping ~*~*~tactically~*~*~ (hiding).
 27127 | D:15     | Reached skill level 14 in Fighting
 27344 | D:15     | 27344 ||| INVOKING Apocalypse.
 27374 | D:15     | 27374 ||| FLEEEEING.
 27389 | D:15     | 27389 ||| FLEEEEING.
 27390 | D:15     | 27390 ||| FLEEEEING.
 27391 | D:15     | 27391 ||| FLEEEEING.
 27411 | D:15     | 27411 ||| FLEEEEING.
 27414 | D:15     | 27414 ||| FLEEEEING.
 27415 | D:15     | 27415 ||| FLEEEEING.
 27416 | D:15     | 27416 ||| FLEEEEING.
 27417 | D:15     | 27417 ||| FLEEEEING.
 27418 | D:15     | 27418 ||| FLEEEEING.
 27419 | D:15     | 27419 ||| FLEEEEING.
 27420 | D:15     | 27420 ||| FLEEEEING.
 27421 | D:15     | 27421 ||| Stepping ~*~*~tactically~*~*~ (stealth).
 27430 | D:15     | 27430 ||| FLEEEEING.
 27432 | D:15     | 27432 ||| FLEEEEING.
 27433 | D:15     | 27433 ||| FLEEEEING.
 27434 | D:15     | 27434 ||| FLEEEEING.
 27435 | D:15     | 27435 ||| FLEEEEING.
 27436 | D:15     | 27436 ||| FLEEEEING.
 27437 | D:15     | 27437 ||| FLEEEEING.
 27438 | D:15     | 27438 ||| FLEEEEING.
 27439 | D:15     | 27439 ||| FLEEEEING.
 27440 | D:15     | 27440 ||| FLEEEEING.
 27442 | D:15     | 27442 ||| STAIRDANCE
 27484 | D:14     | 27484 ||| INVOKING Sacrifice Arcana.
 27484 | D:14     | Gained mutation: You cannot study or cast Air magic. [Ru
                  | sacrifice]
 27484 | D:14     | Gained mutation: You cannot study or cast Transmutations
                  | magic. [Ru sacrifice]
 27484 | D:14     | Gained mutation: You cannot study or cast Necromancy magic.
                  | [Ru sacrifice]
 27484 | D:14     | Reached ****** piety under Ru
 27598 | D:15     | 27598 ||| READING scroll of enchant armour.
 27598 | D:15     | 27598 ||| ENCHANTING +3 plate armour.
 27615 | D:15     | 27615 ||| Stepping ~*~*~tactically~*~*~ (stealth).
 27717 | D:15     | 27717 ||| READING scroll of brand weapon.
 27717 | D:15     | 27717 ||| BRANDING +5 broad axe of flaming.
 28111 | D:15     | 28111 ||| PLANNING ORC
 28270 | Orc:1    | Entered Level 1 of the Orcish Mines
 28369 | Orc:1    | 28369 ||| Stepping ~*~*~tactically~*~*~ (stealth).
 28378 | Orc:1    | 28378 ||| Stepping ~*~*~tactically~*~*~ (hiding).
 28477 | Orc:2    | Entered Level 2 of the Orcish Mines
 28515 | Orc:2    | 28515 ||| INVOKING Apocalypse.
 28517 | Orc:2    | 28517 ||| FLEEEEING.
 28518 | Orc:2    | 28518 ||| FLEEEEING.
 28519 | Orc:2    | 28519 ||| FLEEEEING.
 28520 | Orc:2    | 28520 ||| FLEEEEING.
 28521 | Orc:2    | 28521 ||| FLEEEEING.
 28522 | Orc:2    | 28522 ||| FLEEEEING.
 28523 | Orc:2    | 28523 ||| FLEEEEING.
 28524 | Orc:2    | 28524 ||| FLEEEEING.
 28525 | Orc:2    | 28525 ||| FLEEEEING.
 28526 | Orc:2    | 28526 ||| FLEEEEING.
 28527 | Orc:2    | 28527 ||| FLEEEEING.
 28528 | Orc:2    | 28528 ||| FLEEEEING.
 28529 | Orc:2    | 28529 ||| STAIRDANCE
 28578 | Orc:2    | 28578 ||| STAIRDANCE
 28591 | Orc:2    | 28591 ||| DRINKING 10 potions of curing.
 28591 | Orc:2    | 28591 ||| (to cure confusion)
 28639 | Orc:2    | Found a dark tunnel.
 28697 | Orc:2    | 28697 ||| Stepping ~*~*~tactically~*~*~ (hiding).
 28887 | Orc:2    | 28887 ||| Stepping ~*~*~tactically~*~*~ (hiding).
 28929 | Orc:2    | Found Vuicwet's Distillery.
 28929 | Orc:2    | Found Ofiekeet's General Store.
 28947 | Orc:2    | Reached skill level 15 in Fighting
 29002 | Orc:2    | 29002 ||| BUYING potion of curing (42 gold).
 29002 | Orc:2    | Bought a potion of curing for 42 gold pieces
 29002 | Orc:2    | 29002 ||| BUYING potion of curing (42 gold).
 29002 | Orc:2    | Bought a potion of curing for 42 gold pieces
 29002 | Orc:2    | 29002 ||| BUYING potion of heal wounds (70 gold).
 29002 | Orc:2    | Bought a potion of heal wounds for 70 gold pieces
 29002 | Orc:2    | 29002 ||| BUYING potion of resistance (140 gold).
 29002 | Orc:2    | Bought a potion of resistance for 140 gold pieces
 29004 | Orc:2    | 29004 ||| BUYING potion of curing (42 gold).
 29004 | Orc:2    | Bought a potion of curing for 42 gold pieces
 29004 | Orc:2    | 29004 ||| BUYING potion of curing (42 gold).
 29004 | Orc:2    | Bought a potion of curing for 42 gold pieces
 29004 | Orc:2    | 29004 ||| BUYING scroll of teleportation (42 gold).
 29004 | Orc:2    | Bought a scroll of teleportation for 42 gold pieces
 29023 | Orc:2    | 29023 ||| Stepping ~*~*~tactically~*~*~ (hiding).
 29024 | Orc:2    | 29024 ||| Stepping ~*~*~tactically~*~*~ (stealth).
 29027 | Orc:2    | 29027 ||| Stepping ~*~*~tactically~*~*~ (hiding).
 29031 | Orc:2    | 29031 ||| Stepping ~*~*~tactically~*~*~ (hiding).
 29139 | Orc:2    | Found a staircase to the Elven Halls.
 29592 | Orc:2    | 29592 ||| Stepping ~*~*~tactically~*~*~ (hiding).
 29614 | Orc:2    | Paralysed by an orc sorcerer for 3 turns
 29625 | Orc:2    | Paralysed by an orc sorcerer for 3 turns
 29681 | Orc:2    | 29681 ||| Stepping ~*~*~tactically~*~*~ (hiding).
 29712 | Orc:2    | 29712 ||| Stepping ~*~*~tactically~*~*~ (stealth).
 29747 | Orc:2    | 29747 ||| Stepping ~*~*~tactically~*~*~ (hiding).
 29751 | Orc:2    | 29751 ||| Stepping ~*~*~tactically~*~*~ (stealth).
 29754 | Orc:2    | 29754 ||| INVOKING Apocalypse.
 29763 | Orc:2    | 29763 ||| FLEEEEING.
 29767 | Orc:2    | 29767 ||| FLEEEEING.
 29768 | Orc:2    | 29768 ||| FLEEEEING.
 29773 | Orc:2    | 29773 ||| FLEEEEING.
 29774 | Orc:2    | 29774 ||| FLEEEEING.
 29775 | Orc:2    | 29775 ||| FLEEEEING.
 29776 | Orc:2    | 29776 ||| FLEEEEING.
 29781 | Orc:2    | 29781 ||| FLEEEEING.
 29782 | Orc:2    | 29782 ||| FLEEEEING.
 29857 | Orc:2    | Found Jeok's Antique Armour Shoppe.
 29857 | Orc:2    | Found a one-way gate leading to the halls of Pandemonium.
 29857 | Orc:2    | Found Goecrog's Jewellery Emporium.
 30102 | Orc:1    | 30102 ||| Stepping ~*~*~tactically~*~*~ (hiding).
 30223 | Orc:1    | You fall into a shaft and drop 1 floor!
 30254 | Orc:1    | 30254 ||| PLANNING SWAMP:1-3
 30426 | Swamp:1  | Entered Level 1 of the Swamp
 30573 | Swamp:1  | Reached XP level 16. HP: 145/146 MP: 13/13
 30613 | Swamp:1  | 30613 ||| Stepping ~*~*~tactically~*~*~ (hiding).
 30968 | Swamp:1  | 30968 ||| Stepping ~*~*~tactically~*~*~ (stealth).
 30970 | Swamp:1  | 30970 ||| Stepping ~*~*~tactically~*~*~ (hiding).
 31015 | Swamp:1  | 31015 ||| Stepping ~*~*~tactically~*~*~ (hiding).
 31154 | Swamp:1  | 31154 ||| INVOKING Apocalypse.
 31157 | Swamp:1  | 31157 ||| SWAPPING to +2 flail of protection.
 31160 | Swamp:1  | 31160 ||| Stepping ~*~*~tactically~*~*~ (water).
 31165 | Swamp:1  | 31165 ||| SWAPPING to +5 vampiric broad axe.
 31337 | Swamp:2  | 31337 ||| FLEEEEING.
 31338 | Swamp:2  | 31338 ||| FLEEEEING.
 31339 | Swamp:2  | 31339 ||| STAIRDANCE
 31484 | Swamp:2  | 31484 ||| STAIRDANCE
 31614 | Swamp:2  | 31614 ||| Stepping ~*~*~tactically~*~*~ (hiding).
 31619 | Swamp:2  | Reached skill level 15 in Shields
 31652 | Swamp:2  | 31652 ||| Stepping ~*~*~tactically~*~*~ (stealth).
 31800 | Swamp:2  | 31800 ||| Stepping ~*~*~tactically~*~*~ (hiding).
 31936 | Swamp:2  | 31936 ||| Stepping ~*~*~tactically~*~*~ (stealth).
 31938 | Swamp:2  | 31938 ||| Stepping ~*~*~tactically~*~*~ (hiding).
 31939 | Swamp:2  | 31939 ||| INVOKING Apocalypse.
 31940 | Swamp:2  | 31940 ||| Stepping ~*~*~tactically~*~*~ (hiding).
 31981 | Swamp:2  | 31981 ||| FLEEEEING.
 31983 | Swamp:2  | 31983 ||| FLEEEEING.
 31984 | Swamp:2  | 31984 ||| FLEEEEING.
 31985 | Swamp:2  | 31985 ||| Stepping ~*~*~tactically~*~*~ (hiding).
 31989 | Swamp:2  | 31989 ||| FLEEEEING.
 32041 | Swamp:2  | 32041 ||| FLEEEEING.
 32042 | Swamp:2  | 32042 ||| FLEEEEING.
 32045 | Swamp:2  | 32045 ||| FLEEEEING.
 32046 | Swamp:2  | 32046 ||| Stepping ~*~*~tactically~*~*~ (hiding).
 32049 | Swamp:2  | 32049 ||| Stepping ~*~*~tactically~*~*~ (hiding).
 32093 | Swamp:2  | 32093 ||| SWAPPING to +2 flail of protection.
 32101 | Swamp:2  | 32101 ||| SWAPPING to +5 vampiric broad axe.
 32215 | Swamp:2  | 32215 ||| Stepping ~*~*~tactically~*~*~ (hiding).
 32247 | Swamp:2  | Reached skill level 16 in Fighting
 32264 | Swamp:2  | 32264 ||| Stepping ~*~*~tactically~*~*~ (stealth).
 32265 | Swamp:2  | 32265 ||| Stepping ~*~*~tactically~*~*~ (stealth).
 32267 | Swamp:2  | 32267 ||| Stepping ~*~*~tactically~*~*~ (stealth).
 32327 | Swamp:2  | Noticed a tentacled monstrosity
 32328 | Swamp:2  | 32328 ||| INVOKING Apocalypse.
 32330 | Swamp:2  | 32330 ||| SWAPPING to +2 flail of protection.
 32340 | Swamp:2  | 32340 ||| SWAPPING to +5 vampiric broad axe.
 32342 | Swamp:2  | 32342 ||| SWAPPING to +2 flail of protection.
 32344 | Swamp:2  | 32344 ||| SWAPPING to +5 vampiric broad axe.
 32345 | Swamp:2  | 32345 ||| SWAPPING to +2 flail of protection.
 32347 | Swamp:2  | 32347 ||| SWAPPING to +5 vampiric broad axe.
 32348 | Swamp:2  | 32348 ||| SWAPPING to +2 flail of protection.
 32350 | Swamp:2  | 32350 ||| SWAPPING to +5 vampiric broad axe.
 32351 | Swamp:2  | Killed a tentacled monstrosity
 32352 | Swamp:2  | 32352 ||| SWAPPING to +2 flail of protection.
 32359 | Swamp:2  | 32359 ||| SWAPPING to +5 vampiric broad axe.
 32404 | Swamp:2  | 32404 ||| FLEEEEING.
 32499 | Swamp:2  | 32499 ||| Stepping ~*~*~tactically~*~*~ (stealth).
 32586 | Swamp:2  | 32586 ||| Stepping ~*~*~tactically~*~*~ (stealth).
 32791 | Swamp:2  | 32791 ||| Stepping ~*~*~tactically~*~*~ (stealth).
 32912 | Swamp:2  | Reached skill level 15 in Armour
 33037 | Swamp:2  | 33037 ||| INVOKING Apocalypse.
 33039 | Swamp:2  | 33039 ||| Stepping ~*~*~tactically~*~*~ (hiding).
 33456 | Swamp:2  | 33456 ||| DROPPING +1 pair of boots.
 33563 | Swamp:3  | 33563 ||| Stepping ~*~*~tactically~*~*~ (water).
 33635 | Swamp:3  | Found an iron altar of Okawaru.
 33639 | Swamp:3  | 33639 ||| DROPPING +2 flail of protection.
 33692 | Swamp:3  | 33692 ||| INVOKING Apocalypse.
 33702 | Swamp:3  | Reached skill level 17 in Fighting
 33709 | Swamp:3  | 33709 ||| FLEEEEING.
 33710 | Swamp:3  | 33710 ||| FLEEEEING.
 33713 | Swamp:3  | 33713 ||| FLEEEEING.
 33714 | Swamp:3  | 33714 ||| FLEEEEING.
 33717 | Swamp:3  | 33717 ||| FLEEEEING.
 33718 | Swamp:3  | 33718 ||| FLEEEEING.
 33719 | Swamp:3  | 33719 ||| FLEEEEING.
 33720 | Swamp:3  | 33720 ||| FLEEEEING.
 33721 | Swamp:3  | 33721 ||| FLEEEEING.
 33722 | Swamp:3  | 33722 ||| FLEEEEING.
 33723 | Swamp:3  | 33723 ||| FLEEEEING.
 33860 | Swamp:3  | Noticed a thorn hunter
 33861 | Swamp:3  | 33861 ||| Stepping ~*~*~tactically~*~*~ (stealth).
 33871 | Swamp:3  | 33871 ||| Stepping ~*~*~tactically~*~*~ (stealth).
 33872 | Swamp:3  | 33872 ||| Stepping ~*~*~tactically~*~*~ (stealth).
 33874 | Swamp:3  | 33874 ||| Stepping ~*~*~tactically~*~*~ (hiding).
 33913 | Swamp:3  | 33913 ||| Stepping ~*~*~tactically~*~*~ (hiding).
 33915 | Swamp:3  | 33915 ||| Stepping ~*~*~tactically~*~*~ (hiding).
 33919 | Swamp:3  | 33919 ||| INVOKING Apocalypse.
 33920 | Swamp:3  | Killed a thorn hunter
 34133 | Swamp:3  | 34133 ||| Stepping ~*~*~tactically~*~*~ (hiding).
 34240 | Swamp:3  | 34240 ||| Stepping ~*~*~tactically~*~*~ (hiding).
 34241 | Swamp:3  | 34241 ||| Stepping ~*~*~tactically~*~*~ (hiding).
 34383 | Swamp:3  | 34383 ||| PLANNING SPIDER:1-3
 34457 | Lair:2   | 34457 ||| READING 5 scrolls of teleportation.
 34458 | Lair:2   | 34458 ||| FLEEEEING.
 34459 | Lair:2   | 34459 ||| FLEEEEING.
 34490 | Lair:2   | 34490 ||| READING 4 scrolls of teleportation.
 34491 | Lair:2   | 34491 ||| FLEEEEING.
 34492 | Lair:2   | 34492 ||| FLEEEEING.
 34493 | Lair:2   | 34493 ||| FLEEEEING.
 34529 | Lair:2   | 34529 ||| READING 3 scrolls of teleportation.
 34530 | Lair:2   | 34530 ||| FLEEEEING.
 34594 | Spider:1 | Entered Level 1 of the Spider Nest
 34653 | Spider:1 | 34653 ||| Stepping ~*~*~tactically~*~*~ (stealth).
 34668 | Spider:1 | 34668 ||| Stepping ~*~*~tactically~*~*~ (stealth).
 34682 | Spider:1 | 34682 ||| Stepping ~*~*~tactically~*~*~ (stealth).
 34936 | Spider:1 | 34936 ||| Stepping ~*~*~tactically~*~*~ (stealth).
 34937 | Spider:1 | 34937 ||| Stepping ~*~*~tactically~*~*~ (stealth).
 34938 | Spider:1 | 34938 ||| Stepping ~*~*~tactically~*~*~ (stealth).
 34946 | Spider:1 | 34946 ||| INVOKING Apocalypse.
 34951 | Spider:1 | 34951 ||| Stepping ~*~*~tactically~*~*~ (hiding).
 34974 | Spider:1 | Reached XP level 17. HP: 134/136 MP: 8/14
 35055 | Spider:1 | 35055 ||| Stepping ~*~*~tactically~*~*~ (stealth).
 35224 | Spider:1 | Identified the +0 ring mail "Yjuadd" {+Inv Dex+2}
 35501 | Spider:1 | 35501 ||| INVOKING Apocalypse.
 35509 | Spider:1 | 35509 ||| Stepping ~*~*~tactically~*~*~ (stealth).
 35510 | Spider:1 | 35510 ||| Stepping ~*~*~tactically~*~*~ (stealth).
 35578 | Spider:1 | 35578 ||| DRINKING 14 potions of curing.
 35578 | Spider:1 | 35578 ||| (to cure confusion)
 36510 | Spider:2 | 36510 ||| Stepping ~*~*~tactically~*~*~ (hiding).
 36605 | Spider:2 | 36605 ||| DRINKING 13 potions of curing.
 36605 | Spider:2 | 36605 ||| (to cure bad poison)
 36772 | Spider:2 | 36772 ||| Stepping ~*~*~tactically~*~*~ (stealth).
 36959 | Spider:2 | 36959 ||| Stepping ~*~*~tactically~*~*~ (stealth).
 37251 | Spider:2 | 37251 ||| DRINKING potion of resistance.
 37252 | Spider:2 | 37252 ||| INVOKING Apocalypse.
 37505 | Spider:2 | 37505 ||| Stepping ~*~*~tactically~*~*~ (stealth).
 37653 | Spider:2 | 37653 ||| READING scroll of enchant armour.
 37653 | Spider:2 | 37653 ||| ENCHANTING +4 plate armour.
 37950 | Spider:3 | 37950 ||| STAIRDANCE
 37999 | Spider:3 | 37999 ||| Stepping ~*~*~tactically~*~*~ (hiding).
 38000 | Spider:3 | 38000 ||| Stepping ~*~*~tactically~*~*~ (stealth).
 38001 | Spider:3 | 38001 ||| Stepping ~*~*~tactically~*~*~ (hiding).
 38084 | Spider:3 | 38084 ||| READING scroll of enchant weapon.
 38084 | Spider:3 | 38084 ||| ENCHANTING +5 vampiric broad axe.
 38087 | Spider:3 | 38087 ||| Stepping ~*~*~tactically~*~*~ (stealth).
 38093 | Spider:3 | Reached skill level 18 in Fighting
 38278 | Spider:3 | 38278 ||| INVOKING Apocalypse.
 38530 | Spider:3 | 38530 ||| Stepping ~*~*~tactically~*~*~ (stealth).
 38531 | Spider:3 | 38531 ||| FLEEEEING.
 38575 | Spider:3 | 38575 ||| READING 2 scrolls of enchant armour.
 38575 | Spider:3 | 38575 ||| ENCHANTING +5 plate armour.
 38576 | Spider:3 | 38576 ||| READING scroll of enchant armour.
 38576 | Spider:3 | 38576 ||| ENCHANTING +6 plate armour.
 38665 | Spider:3 | 38665 ||| Stepping ~*~*~tactically~*~*~ (stealth).
 38768 | Spider:3 | 38768 ||| Stepping ~*~*~tactically~*~*~ (hiding).
 38769 | Spider:3 | 38769 ||| Stepping ~*~*~tactically~*~*~ (hiding).
 38771 | Spider:3 | 38771 ||| INVOKING Apocalypse.
 38993 | Spider:3 | 38993 ||| PLANNING SWAMP:4
 38993 | Spider:3 | 38993 ||| DROPPING +0 plate armour of fire resistance.
 39165 | Swamp:4  | Entered Level 4 of the Swamp
 39175 | Swamp:4  | 39175 ||| Stepping ~*~*~tactically~*~*~ (water).
 39198 | Swamp:4  | 39198 ||| FLEEEEING.
 39199 | Swamp:4  | 39199 ||| FLEEEEING.
 39200 | Swamp:4  | 39200 ||| STAIRDANCE
 39275 | Swamp:4  | 39275 ||| STAIRDANCE
 39323 | Swamp:4  | 39323 ||| Stepping ~*~*~tactically~*~*~ (hiding).
 39636 | Swamp:4  | 39636 ||| Stepping ~*~*~tactically~*~*~ (hiding).
 39638 | Swamp:4  | 39638 ||| Stepping ~*~*~tactically~*~*~ (hiding).
 39640 | Swamp:4  | 39640 ||| Stepping ~*~*~tactically~*~*~ (hiding).
 39764 | Swamp:4  | Identified the +0 ring mail of the Wild Haggis {Rampage rC+
                  | Str-3}
 39901 | Swamp:4  | 39901 ||| Stepping ~*~*~tactically~*~*~ (stealth).
 39958 | Swamp:4  | 39958 ||| Stepping ~*~*~tactically~*~*~ (cloud).
 39959 | Swamp:4  | 39959 ||| READING 3 scrolls of teleportation.
 39960 | Swamp:4  | 39960 ||| Stepping randomly (cloudy).
 39969 | Swamp:4  | 39969 ||| SWAPPING to +0 morningstar.
 39974 | Swamp:4  | 39974 ||| INVOKING Apocalypse.
 39975 | Swamp:4  | 39975 ||| SWAPPING to +6 vampiric broad axe.
 39981 | Swamp:4  | 39981 ||| FLEEEEING.
 40010 | Swamp:4  | 40010 ||| Stepping ~*~*~tactically~*~*~ (cloud).
 40013 | Swamp:4  | 40013 ||| Stepping ~*~*~tactically~*~*~ (stealth).
 40014 | Swamp:4  | 40014 ||| FLEEEEING.
 40018 | Swamp:4  | 40018 ||| SWAPPING to +0 morningstar.
 40022 | Swamp:4  | 40022 ||| INVOKING Apocalypse.
 40023 | Swamp:4  | 40023 ||| SWAPPING to +6 vampiric broad axe.
 40126 | Swamp:4  | 40126 ||| Stepping ~*~*~tactically~*~*~ (stealth).
 40127 | Swamp:4  | 40127 ||| FLEEEEING.
 40211 | Swamp:4  | 40211 ||| DROPPING +2 pair of gloves.
 40212 | Swamp:4  | 40212 ||| PLANNING SWAMP:1-3
 40232 | Swamp:4  | 40232 ||| Stepping ~*~*~tactically~*~*~ (stealth).
 40234 | Swamp:4  | 40234 ||| READING 2 scrolls of teleportation.
 40306 | Swamp:3  | 40306 ||| PLANNING SWAMP:4
 40364 | Swamp:4  | 40364 ||| Stepping ~*~*~tactically~*~*~ (hiding).
 40410 | Swamp:4  | 40410 ||| SWAPPING to +0 morningstar.
 40415 | Swamp:4  | 40415 ||| SWAPPING to +6 vampiric broad axe.
 40507 | Swamp:4  | 40507 ||| SWAPPING to +0 morningstar.
 40510 | Swamp:4  | 40510 ||| SWAPPING to +6 vampiric broad axe.
 40689 | Swamp:4  | 40689 ||| Stepping ~*~*~tactically~*~*~ (stealth).
 40694 | Swamp:4  | 40694 ||| SWAPPING to +0 morningstar.
 40700 | Swamp:4  | 40700 ||| SWAPPING to +6 vampiric broad axe.
 40772 | Swamp:4  | 40772 ||| FLEEEEING.
 40774 | Swamp:4  | 40774 ||| FLEEEEING.
 40775 | Swamp:4  | 40775 ||| FLEEEEING.
 40843 | Swamp:4  | 40843 ||| Stepping ~*~*~tactically~*~*~ (stealth).
 40850 | Swamp:4  | 40850 ||| Stepping ~*~*~tactically~*~*~ (cloud).
 40860 | Swamp:4  | 40860 ||| FLEEEEING.
 40861 | Swamp:4  | 40861 ||| FLEEEEING.
 40863 | Swamp:4  | 40863 ||| Stepping ~*~*~tactically~*~*~ (cloud).
 40866 | Swamp:4  | 40866 ||| Stepping ~*~*~tactically~*~*~ (cloud).
 40872 | Swamp:4  | 40872 ||| Stepping ~*~*~tactically~*~*~ (cloud).
 41099 | Swamp:4  | 41099 ||| SWAPPING to +0 morningstar.
 41105 | Swamp:4  | 41105 ||| SWAPPING to +6 vampiric broad axe.
 41267 | Swamp:4  | 41267 ||| SWAPPING to +0 morningstar.
 41272 | Swamp:4  | 41272 ||| SWAPPING to +6 vampiric broad axe.
 41431 | Swamp:4  | 41431 ||| SWAPPING to +0 morningstar.
 41436 | Swamp:4  | 41436 ||| SWAPPING to +6 vampiric broad axe.
 41453 | Swamp:4  | 41453 ||| SWAPPING to +0 morningstar.
 41458 | Swamp:4  | 41458 ||| SWAPPING to +6 vampiric broad axe.
 41472 | Swamp:4  | 41472 ||| PLANNING SWAMP:1-3
 41512 | Swamp:3  | 41512 ||| PLANNING SWAMP:4
 41514 | Swamp:4  | 41514 ||| PLANNING SWAMP:1-3
 41514 | Swamp:4  | 41514 ||| READING scroll of teleportation.
 41515 | Swamp:4  | 41515 ||| STAIRDANCE
 41518 | Swamp:3  | 41518 ||| PLANNING SWAMP:4
 41565 | Swamp:4  | 41565 ||| PLANNING SWAMP:1-3
 41591 | Swamp:3  | 41591 ||| PLANNING SWAMP:4
 41593 | Swamp:4  | 41593 ||| PLANNING SWAMP:1-3
 41593 | Swamp:4  | 41593 ||| Stepping randomly (stuck).
 41597 | Swamp:3  | 41597 ||| PLANNING SWAMP:4
 41621 | Swamp:4  | 41621 ||| PLANNING SWAMP:1-3
 41646 | Swamp:3  | 41646 ||| PLANNING SWAMP:4
 41648 | Swamp:4  | 41648 ||| PLANNING SWAMP:1-3
 41648 | Swamp:4  | 41648 ||| Stepping randomly (stuck).
 41652 | Swamp:3  | 41652 ||| PLANNING SWAMP:4
 41683 | Swamp:4  | 41683 ||| Stepping ~*~*~tactically~*~*~ (cloud).
 41697 | Swamp:4  | 41697 ||| Stepping ~*~*~tactically~*~*~ (hiding).
 41699 | Swamp:4  | 41699 ||| Stepping ~*~*~tactically~*~*~ (hiding).
 41701 | Swamp:4  | 41701 ||| Stepping ~*~*~tactically~*~*~ (hiding).
 41714 | Swamp:4  | 41714 ||| FLEEEEING.
 41715 | Swamp:4  | 41715 ||| FLEEEEING.
 41717 | Swamp:4  | 41717 ||| FLEEEEING.
 41718 | Swamp:4  | 41718 ||| FLEEEEING.
 41720 | Swamp:4  | 41720 ||| FLEEEEING.
 41721 | Swamp:4  | 41721 ||| FLEEEEING.
 41725 | Swamp:4  | 41725 ||| SWAPPING to +0 morningstar.
 41726 | Swamp:4  | 41726 ||| Stepping ~*~*~tactically~*~*~ (cloud).
 41730 | Swamp:4  | 41730 ||| SWAPPING to +6 vampiric broad axe.
 41731 | Swamp:4  | 41731 ||| SWAPPING to +0 morningstar.
 41738 | Swamp:4  | 41738 ||| SWAPPING to +6 vampiric broad axe.
 41943 | Swamp:4  | 41943 ||| Stepping ~*~*~tactically~*~*~ (cloud).
 42014 | Swamp:4  | 42014 ||| SWAPPING to +0 morningstar.
 42016 | Swamp:4  | 42016 ||| Stepping ~*~*~tactically~*~*~ (stealth).
 42017 | Swamp:4  | 42017 ||| Stepping ~*~*~tactically~*~*~ (stealth).
 42019 | Swamp:4  | 42019 ||| Stepping ~*~*~tactically~*~*~ (stealth).
 42023 | Swamp:4  | 42023 ||| SWAPPING to +6 vampiric broad axe.
 42030 | Swamp:4  | 42030 ||| Stepping ~*~*~tactically~*~*~ (stealth).
 42031 | Swamp:4  | 42031 ||| SWAPPING to +0 morningstar.
 42035 | Swamp:4  | 42035 ||| SWAPPING to +6 vampiric broad axe.
 42058 | Swamp:4  | 42058 ||| PLANNING SWAMP:1-3
 42150 | Swamp:4  | Got a decaying rune of Zot
 42151 | Swamp:4  | 42151 ||| READING scroll of teleportation.
 42158 | Swamp:3  | 42158 ||| PLANNING VAULTS:1-4
 42489 | Vaults:1 | Entered Level 1 of the Vaults
 42489 | Vaults:1 | Found Paovaeq's Assorted Antiques.
 42489 | Vaults:1 | Found Tisiliwa's Jewellery Boutique.
 42493 | Vaults:1 | 42493 ||| BUYING scroll of teleportation (81 gold).
 42493 | Vaults:1 | Bought a scroll of teleportation for 81 gold pieces
 42549 | Vaults:1 | Found Waost's Armour Boutique.
 42558 | Vaults:1 | 42558 ||| BUYING +1 plate armour of fire resistance (665
                  | gold).
 42558 | Vaults:1 | Bought a +1 plate armour of fire resistance for 665 gold
                  | pieces
 42592 | Vaults:1 | 42592 ||| Stepping ~*~*~tactically~*~*~ (stealth).
 42739 | Vaults:1 | Reached XP level 18. HP: 148/159 MP: 15/15
 42838 | Vaults:1 | 42838 ||| DROPPING +0 morningstar.
 42899 | Vaults:1 | 42899 ||| Stepping ~*~*~tactically~*~*~ (stealth).
 42909 | Vaults:1 | 42909 ||| Stepping ~*~*~tactically~*~*~ (hiding).
 42928 | Vaults:1 | Reached skill level 19 in Fighting
 42948 | Vaults:1 | Found Zog Pytonk's Armour Shoppe.
 42953 | Vaults:1 | 42953 ||| BUYING +2 hood of the Assassin {Detection Stab+
                  | Stlth++} (720 gold).
 42953 | Vaults:1 | Bought the +2 hood of the Assassin {Detection Stab+
                  | Stlth++} for 720 gold pieces
 42953 | Vaults:1 | Found the +2 hood of the Assassin {Detection Stab+ Stlth++}
 43031 | Vaults:1 | 43031 ||| Stepping ~*~*~tactically~*~*~ (hiding).
 43034 | Vaults:1 | 43034 ||| Stepping ~*~*~tactically~*~*~ (hiding).
 43045 | Vaults:1 | 43045 ||| Stepping ~*~*~tactically~*~*~ (hiding).
 43134 | Vaults:1 | Noticed Zenata
 43135 | Vaults:1 | 43135 ||| INVOKING Apocalypse.
 43157 | Vaults:1 | Killed Zenata
 43194 | Vaults:1 | 43194 ||| Stepping ~*~*~tactically~*~*~ (stealth).
 43195 | Vaults:1 | 43195 ||| Stepping ~*~*~tactically~*~*~ (stealth).
 43338 | Vaults:1 | 43338 ||| INVOKING Apocalypse.
 43343 | Vaults:1 | Reached skill level 18 in Armour
 43393 | Vaults:1 | 43393 ||| INVOKING Apocalypse.
 43728 | Vaults:1 | Found a runed translucent gate.
 43729 | Vaults:1 | Found a runed translucent gate.
 43729 | Vaults:1 | Found a runed translucent gate.
 43729 | Vaults:1 | Noticed qw's ghost (adept MiBe)
 43834 | Vaults:1 | Found Umoomerr's Assorted Antiques.
 43840 | Vaults:1 | 43840 ||| BUYING potion of haste (320 gold).
 43840 | Vaults:1 | Bought a potion of haste for 320 gold pieces
 43840 | Vaults:1 | 43840 ||| SHOPLISTING scroll of enchant armour (240 gold,
                  | have 60).
 43840 | Vaults:1 | 43840 ||| SHOPLISTING scroll of teleportation (96 gold,
                  | have 60).
 43840 | Vaults:1 | 43840 ||| SHOPLISTING shiny fire dragon scales (2016 gold,
                  | have 60).
 43921 | Vaults:1 | Noticed a Brimstone Fiend
 43921 | Vaults:1 | 43921 ||| INVOKING Apocalypse.
 44139 | Vaults:1 | 44139 ||| Stepping ~*~*~tactically~*~*~ (hiding).
 44152 | Vaults:1 | Reached skill level 20 in Fighting
 44523 | Vaults:1 | 44523 ||| UPGRADING to +2 hood of the Assassin {Detection
                  | Stab+ Stlth++}.
 44548 | Vaults:2 | 44548 ||| PLANNING DESOLATION
 44583 | Vaults:2 | 44583 ||| INVOKING Apocalypse.
 44585 | Vaults:2 | 44585 ||| FLEEEEING.
 44586 | Vaults:2 | 44586 ||| FLEEEEING.
 44587 | Vaults:2 | 44587 ||| FLEEEEING.
 44588 | Vaults:2 | 44588 ||| FLEEEEING.
 44589 | Vaults:2 | 44589 ||| FLEEEEING.
 44590 | Vaults:2 | 44590 ||| FLEEEEING.
 44594 | Vaults:2 | 44594 ||| STAIRDANCE
 44680 | Vaults:2 | 44680 ||| STAIRDANCE
 44753 | Vaults:2 | 44753 ||| STAIRDANCE
 45162 | Vaults:2 | 45162 ||| Stepping ~*~*~tactically~*~*~ (hiding).
 45163 | Vaults:2 | 45163 ||| Stepping ~*~*~tactically~*~*~ (hiding).
 45207 | Vaults:2 | 45207 ||| INVOKING Apocalypse.
 45287 | Vaults:2 | 45287 ||| RIP DESOLATION
 45296 | Vaults:2 | 45296 ||| PLANNING VAULTS:1-4
 45296 | Vaults:2 | 45296 ||| Stepping ~*~*~tactically~*~*~ (stealth).
 45298 | Vaults:2 | 45298 ||| Stepping ~*~*~tactically~*~*~ (stealth).
 45303 | Vaults:2 | 45303 ||| Stepping ~*~*~tactically~*~*~ (hiding).
 45306 | Vaults:2 | 45306 ||| Stepping ~*~*~tactically~*~*~ (hiding).
 45310 | Vaults:2 | 45310 ||| Stepping ~*~*~tactically~*~*~ (hiding).
 45312 | Vaults:2 | 45312 ||| Stepping ~*~*~tactically~*~*~ (hiding).
 45318 | Vaults:2 | 45318 ||| Stepping ~*~*~tactically~*~*~ (hiding).
 45322 | Vaults:2 | 45322 ||| Stepping ~*~*~tactically~*~*~ (hiding).
 45343 | Vaults:2 | Reached XP level 19. HP: 167/168 MP: 16/16
 45369 | Vaults:2 | 45369 ||| Stepping ~*~*~tactically~*~*~ (hiding).
 45372 | Vaults:2 | 45372 ||| INVOKING Apocalypse.
 45390 | Vaults:2 | 45390 ||| FLEEEEING.
 45391 | Vaults:2 | 45391 ||| FLEEEEING.
 45392 | Vaults:2 | 45392 ||| FLEEEEING.
 45393 | Vaults:2 | 45393 ||| FLEEEEING.
 45394 | Vaults:2 | 45394 ||| FLEEEEING.
 45555 | Vaults:2 | 45555 ||| DRINKING 2 potions of cancellation.
 45568 | Vaults:2 | 45568 ||| Stepping ~*~*~tactically~*~*~ (hiding).
 45569 | Vaults:2 | 45569 ||| FLEEEEING.
 45570 | Vaults:2 | 45570 ||| FLEEEEING.
 45571 | Vaults:2 | 45571 ||| FLEEEEING.
 45572 | Vaults:2 | 45572 ||| FLEEEEING.
 45573 | Vaults:2 | 45573 ||| FLEEEEING.
 45574 | Vaults:2 | 45574 ||| FLEEEEING.
 45575 | Vaults:2 | 45575 ||| FLEEEEING.
 45576 | Vaults:2 | 45576 ||| FLEEEEING.
 45579 | Vaults:2 | 45579 ||| FLEEEEING.
 45580 | Vaults:2 | 45580 ||| FLEEEEING.
 45582 | Vaults:2 | 45582 ||| FLEEEEING.
 45583 | Vaults:2 | 45583 ||| FLEEEEING.
 45584 | Vaults:2 | 45584 ||| FLEEEEING.
 45586 | Vaults:2 | 45586 ||| FLEEEEING.
 45587 | Vaults:2 | 45587 ||| FLEEEEING.
 45588 | Vaults:2 | 45588 ||| FLEEEEING.
 45589 | Vaults:2 | 45589 ||| FLEEEEING.
 45592 | Vaults:2 | 45592 ||| FLEEEEING.
 45594 | Vaults:2 | 45594 ||| FLEEEEING.
 45599 | Vaults:2 | HP: 27/164 [ironbound thunderhulk/bolt of lightning (39)]
 45600 | Vaults:2 | 45600 ||| READING 2 scrolls of teleportation.
 45601 | Vaults:2 | 45601 ||| DRINKING 3 potions of heal wounds.
 45602 | Vaults:2 | 45602 ||| INVOKING Apocalypse.
 45924 | Vaults:2 | 45924 ||| Stepping ~*~*~tactically~*~*~ (stealth).
 46045 | Vaults:2 | 46045 ||| Stepping ~*~*~tactically~*~*~ (hiding).
 46046 | Vaults:2 | 46046 ||| Stepping ~*~*~tactically~*~*~ (hiding).
 46225 | Vaults:2 | 46225 ||| FLEEEEING.
 46226 | Vaults:2 | 46226 ||| FLEEEEING.
 46227 | Vaults:2 | 46227 ||| FLEEEEING.
 46228 | Vaults:2 | 46228 ||| FLEEEEING.
 46229 | Vaults:2 | 46229 ||| FLEEEEING.
 46230 | Vaults:2 | 46230 ||| FLEEEEING.
 46231 | Vaults:2 | 46231 ||| FLEEEEING.
 46232 | Vaults:2 | 46232 ||| FLEEEEING.
 46233 | Vaults:2 | 46233 ||| FLEEEEING.
 46245 | Vaults:2 | 46245 ||| FLEEEEING.
 46246 | Vaults:2 | 46246 ||| FLEEEEING.
 46256 | Vaults:2 | 46256 ||| INVOKING Apocalypse.
 46260 | Vaults:2 | Reached skill level 21 in Fighting
 46484 | Vaults:2 | Reached skill level 18 in Shields
 47105 | Vaults:3 | Found a staircase to the Crypt.
 47108 | Vaults:3 | Paralysed by a vampire knight for 5 turns
 47117 | Vaults:3 | Paralysed by a vampire knight for 3 turns
 47119 | Vaults:3 | HP: 42/169 [phantasmal warrior (8)]
 47120 | Vaults:3 | 47120 ||| READING scroll of teleportation.
 47121 | Vaults:3 | 47121 ||| DRINKING 2 potions of heal wounds.
 47464 | Vaults:3 | 47464 ||| Stepping ~*~*~tactically~*~*~ (hiding).
 47585 | Vaults:3 | Found Cecwoli's Antique Armour Emporium.
 47597 | Vaults:3 | Identified the +10 spear of Inquiry {vorpal, rPois rC-
                  | Str-2 Dex+10}
 47665 | Vaults:3 | 47665 ||| Stepping ~*~*~tactically~*~*~ (hiding).
 48303 | Vaults:3 | 48303 ||| Stepping ~*~*~tactically~*~*~ (hiding).
 48305 | Vaults:3 | 48305 ||| INVOKING Apocalypse.
 48339 | Vaults:3 | HP: 44/176 [tengu reaver/+0 broad axe (12)]
 48340 | Vaults:3 | 48340 ||| DRINKING potion of heal wounds.
 48343 | Vaults:3 | HP: 6/176 [ironbound convoker/+0 dire flail (18)]
 48344 | Vaults:3 | Slain by a tengu reaver

Levels and vault maps discovered:
D:1:      erik_arrival_blinker_ship, layout_loops_cross
D:2:      layout_loops_ring, minivault_4, minmay_heptomino_h4,
          uniq_crazy_yiuf_cottage
D:3:      layout_basic, lemuel_tele_altar, nicolae_overflow_two_pavilions
D:4:      layout_basic, minmay_unequal, uniq_sigmund
D:5:      layout_loops_corners, minmay_temple_entry_statues_fountains,
          enter_ossuary_2, cheibrodos_sewer_entry_drain, minmay_crystal_water
D:6:      layout_basic, mainiacjoe_overflow_surrounded_room,
          kennysheep_little_box
D:7:      layout_basic, cheibriados_altar_1, mainiacjoe_overflow_alcove_1,
          sigmund_army
D:8:      hangedman_cross_veins, layout_loops_corners,
          nicolae_kite_square_tiling_tiny, lightli_orcish_oven
D:9:      layout_loops_ring, erik_lair_dragon, orc_0_dummy,
          nicolae_shop_sticking_my_neck_out, uniq_psyche, uniq_grum,
          uniq_maurice
D:10:     layout_roguey, mainiacjoe_overflow_concentric_impassable,
          enter_trove_2, minmay_statue_crystal_thing
D:11:     layout_basic
D:12:     layout_roguey, gammafunk_ghost_arena, portal_ice_cave_entry_imps,
          hangedman_abyss_or_decor_clamps
D:13:     layout_stronghold, led_sif_pool
D:14:     lemuel_castle_with_subvaults [lemuel_castle_interior_carwin_2],
          layout_irregular_city, david_vaults_5, roderic_lattice_a
D:15:     hangedman_depths_entry_civil_slaughter, layout_gridville,
          dreamdust_princess_bridge
Temple:   nicolae_temple_ecumenical_triangle
Lair:1:   layout_cave_pods, grunt_megastairs_2
Lair:2:   layout_long_grid, swamp_mist, nicolae_spider_entry_orb_guardian,
          lemuel_fruit_fields
Lair:3:   layout_loops_ring, gammafunk_lair_bear_cave
Lair:4:   layout_regular_city, hellmonk_ghost_happy_afterlife,
          hellmonk_guarded_unrand_seven_league_boots
Lair:5:   hellmonk_lair_end_abyssal_woods, layout_regular_city, slime_entry_2,
          gauntlet_entry_generic
Swamp:1:  layout_falls_marsh, evilmike_swamp_ruin_house_4, swamp_pool2,
          infiniplex_staircase_pool
Swamp:2:  nzn_winding_woodlands_three_and_one
          [nzn_winding_woodlands_5x15_sidewinder,
          nzn_winding_woodlands_5x15_cabin, nzn_winding_woodlands_5x15_jagged,
          nzn_winding_woodlands_center_lodge], layout_falls_marsh,
          nicolae_swamp_rocky_clearing, swamp_pool1, nicolae_swamp_spriggan_camp
Swamp:3:  layout_basic_swamp, lemuel_altar_in_water
Swamp:4:  swamp_icy, layout_basic_swamp
Spider:1: layout_chambers, nicolae_spider_nook
Spider:2: layout_cave_pods, nicolae_spider_bzzzt
Spider:3: layout_spider_delve
Orc:1:    layout_diamond_mine, basic_altar
Orc:2:    pf_orc_diabolical, layout_caves, basic_altar,
          nicolae_volcano_entry_lava_flow
Vaults:1: gammafunk_ghost_spectres, v_rooms_4, hangedman_vaults_slither,
          v_misc_11, vaults_mumra_hex, ontoclasm_vaults_pinch, v_misc_31,
          v_misc_17, ontoclasm_vaults_ligature, ontoclasm_vaults_chip,
          layout_vaults_omnicross, serial_shops, shop, shop,
          nicolae_square_shop, shop_statue, shop, uniq_zenata
Vaults:2: portal_desolation_entry_garden, v_misc_24, vaults_dpeg_hooks,
          nicolae_vaults_fighting_squares, v_misc_28, nicolae_vaults_triangles,
          v_rooms_3, v_misc_33, hangedman_vaults_restitches, v_misc_16,
          layout_vaults_omnibox
Vaults:3: st_quartered_hall, hangedman_vaults_cutoff, v_rooms_6,
          minmay_crypt_entry_simple_round, hangedman_vaults_locks, v_pattern_1,
          vaults_mumra_minichess_inversion, hangedman_vaults_snaps,
          vaults_mumra_lcd, vaults_room_pools, vaults_dpeg_emergency_exit,
          layout_vaults_omnigrid, serial_shops, shop

Skill      XL: |  1  2  3  4  5  6  7  8  9 10 11 12 13 14 15 16 17 18 19 |
---------------+----------------------------------------------------------+-----
Axes           | 3 5 8 10 12 13 14 17 18 19 19 | 19.0
Dodging        | 1 0 |  0.0
Throwing       | 2 3 6 7 8 |  8.7
Fighting       | 4 5 6 8 10 11 13 13 15 17 18 20 21 | 21.0
Armour         | 4 5 8 10 12 12 14 15 17 19 20 | 20.0
Shields        | 4 10 11 13 13 14 15 16 17 18 | 18.0

Action                   |  1- 3 |  4- 6 |  7- 9 | 10-12 | 13-15 | 16-18 | 19-21 || total
-------------------------+-------+-------+-------+-------+-------+-------+-------++-------
Melee: War axe           |    39 |    88 |   225 |   181 |       |       |       ||   533
       Headbutt          |     2 |     7 |    38 |   107 |   239 |   376 |   103 ||   872
       Unarmed           |       |       |       |    22 |       |       |       ||    22
       Broad axe         |       |       |       |   321 |  1124 |  1484 |   314 ||  3243
       Morningstar       |       |       |       |     5 |       |    40 |       ||    45
       Flail             |       |       |       |       |       |    27 |       ||    27
Throw: Javelin           |    27 |    42 |    42 |    19 |    55 |    75 |       ||   260
       Boomerang         |       |       |     1 |    96 |   159 |       |       ||   256
Invok: Sacrifice Nimblen |       |       |     1 |       |       |       |       ||     1
       Sacrifice Artific |       |       |       |     1 |       |       |       ||     1
       Sacrifice Love    |       |       |       |     1 |       |       |       ||     1
       Reject Sacrifices |       |       |       |       |     1 |       |       ||     1
       Apocalypse        |       |       |       |       |    10 |    19 |     4 ||    33
       Sacrifice Skill   |       |       |       |       |     1 |       |       ||     1
       Sacrifice Arcana  |       |       |       |       |     1 |       |       ||     1
  Use: Scroll            |     1 |     9 |    11 |    13 |    12 |    11 |     2 ||    59
       Potion            |       |     4 |     4 |     6 |     4 |     3 |     4 ||    25
 Stab: Distracted        |       |       |       |     1 |     1 |     5 |       ||     7
       Invisible         |       |       |       |       |     9 |     7 |     1 ||    17
       Paralysed         |       |       |       |       |     6 |    18 |     5 ||    29
Armor: Scale mail        |    24 |    33 |    39 |       |       |       |       ||    96
       Chain mail        |       |       |    18 |       |       |       |       ||    18
       Plate armour      |       |       |    97 |   207 |   371 |   711 |   139 ||  1525
Dodge: Dodged            |    21 |    49 |    54 |    62 |   140 |   227 |    56 ||   609
Block: Buckler           |    14 |    14 |    39 |    11 |       |       |       ||    78
       Kite shield       |       |       |       |   178 |   614 |   956 |   191 ||  1939
       Reflection        |       |       |       |     1 |    34 |    23 |     8 ||    66

Table legend:
 A = Non-vault XP
 B = Vault XP
 C = Vault XP percentage of total XP
 D = Non-vault monster count
 E = Vault monster count
 F = Vault count percentage of total count
                 A         B        C        D         E       F
            +---------+---------+-------+---------+---------+-------
      Total |  258878 |  177057 |  40.6 |     753 |     406 |  35.0
            +---------+---------+-------+---------+---------+-------
        D:1 |      29 |       0 |   0.0 |      17 |       0 |   0.0
        D:2 |      94 |      45 |  32.4 |      17 |       4 |  19.0
        D:3 |      27 |       0 |   0.0 |       9 |       0 |   0.0
        D:4 |     257 |     248 |  49.1 |      20 |       4 |  16.7
        D:5 |     453 |       3 |   0.7 |      14 |       2 |  12.5
        D:6 |     330 |       0 |   0.0 |       7 |       0 |   0.0
        D:7 |     938 |       6 |   0.6 |      32 |       3 |   8.6
        D:8 |    1160 |    3902 |  77.1 |      14 |      24 |  63.2
        D:9 |    1142 |    2413 |  67.9 |      18 |      11 |  37.9
       D:10 |    1236 |       0 |   0.0 |       6 |       0 |   0.0
       D:11 |    2492 |       0 |   0.0 |      19 |       0 |   0.0
       D:12 |    3944 |     123 |   3.0 |      11 |      12 |  52.2
       D:13 |    8423 |       0 |   0.0 |      23 |       0 |   0.0
       D:14 |    9797 |   26950 |  73.3 |      20 |      57 |  74.0
       D:15 |   14195 |    4571 |  24.4 |      26 |       7 |  21.2
     Lair:1 |    4356 |     151 |   3.4 |      18 |       1 |   5.3
     Lair:2 |    6700 |     665 |   9.0 |      20 |       1 |   4.8
     Lair:3 |    6868 |     466 |   6.4 |      25 |       3 |  10.7
     Lair:4 |   10578 |    3096 |  22.6 |      27 |       5 |  15.6
     Lair:5 |    5062 |    9760 |  65.8 |      18 |      34 |  65.4
    Swamp:1 |    8062 |       0 |   0.0 |      20 |       0 |   0.0
    Swamp:2 |   13677 |   17526 |  56.2 |      30 |      23 |  43.4
    Swamp:3 |   14373 |       0 |   0.0 |      24 |       0 |   0.0
    Swamp:4 |   18706 |    7917 |  29.7 |      31 |      29 |  48.3
   Spider:1 |   21586 |    3891 |  15.3 |      53 |      11 |  17.2
   Spider:2 |   11671 |    2214 |  15.9 |      31 |       6 |  16.2
   Spider:3 |   15286 |       0 |   0.0 |      43 |       0 |   0.0
      Orc:1 |    1750 |       0 |   0.0 |      24 |       0 |   0.0
      Orc:2 |    3066 |   15520 |  83.5 |      32 |      58 |  64.4
   Vaults:1 |   37071 |   24708 |  40.0 |      54 |      37 |  40.7
   Vaults:2 |   31828 |   33660 |  51.4 |      46 |      45 |  49.5
   Vaults:3 |    3721 |   19222 |  83.8 |       4 |      29 |  87.9
            +---------+---------+-------+---------+---------+-------
